 Dungeon Crawl Stone Soup version 0.31-a0-702-gf82c85558f (webtiles) character file.

Game seed: 7358947731202331338

404879 qw the Slayer (level 23, -38/170 HPs)
             Began as a Gargoyle Hunter on Sept 8, 2023.
             Was a High Priest of Okawaru.
             Annihilated by an ettin
             ... wielding a +0 dire flail
              (45 damage)
             ... on level 5 of the Vaults.
             The game lasted 00:26:32 (38462 turns).

qw the Slayer (Gargoyle Hunter)                    Turns: 38462, Time: 00:26:32

Health: -38/170    AC: 34    Str: 13    XL:     23   Next: 38%
Magic:  28/30      EV: 40    Int:  6    God:    Okawaru [*****.]
Gold:   6740       SH:  0    Dex: 38    Spells: 22/22 levels left

rFire   + . .        r - +5 triple crossbow (flame)
rCold   + . .        (shield currently unavailable)
rNeg    + . .        b - +3 leather armour "Obbarhec" {-Cast Regen+ Dex+6}
rPois   inf          x - +1 helmet of Fortification {+Inv Will+ Regen+ Str-5}
rElec   +            h - scarf {rC+ rF+}
rCorr   .            (no gloves)
SInv    .            d - +2 pair of boots
Will    ++...        m - amulet of regeneration
Stlth   +++          p - +6 ring of dexterity
HPRegen 2.88/turn    o - ring "Zegug" {AC+4 Int-4 Dex+5}
MPRegen 0.22/turn

%: no spellcasting
@: about to teleport, finesse-ful, flying
A: sickness immunity, AC +17, big wings, negative energy resistance 1,
electricity resistance, torment resistance 1, petrification resistance
}: 2/15 runes: barnacled, gossamer
a: Renounce Religion, Evoke Invisibility, Heroism, Finesse, Duel


You were on level 5 of the Vaults.
You worshipped Okawaru.
Okawaru was extremely pleased with you.
You visited 8 branches of the dungeon, and saw 40 of its levels.
You also visited: Sewer and Gauntlet.

You collected 7891 gold pieces.
You spent 1151 gold pieces at shops.


Innate Abilities, Weirdness & Mutations

You are immune to sickness and miasma.
Your stone body is resilient. (AC +17)
You are immune to poison.
Your large and strong wings let you fly.
You resist negative energy. (rN+)
You are resistant to electric shocks. (rElec)
You are resistant to unholy torment.
You are immune to petrification.


   Skills:
 - Level 25.1 Fighting
 - Level 22.0 Ranged Weapons
 - Level 10.1 Armour
 + Level 20.1 Dodging
 - Level 1.1 Stealth
 - Level 10.0 Invocations


You had 22 spell levels left.
You didn't know any spells.
Your spell library was empty.

Inventory:

Hand Weapons
 r - a +5 triple crossbow of flaming (weapon)
Armour
 b - the +3 leather armour "Obbarhec" (worn) {-Cast Regen+ Dex+6}
   (You found it on level 2 of the Dungeon)

   Dex+6:     It affects your dexterity (+6).
   -Cast:     It prevents spellcasting.
   Regen+:    It increases your rate of health regeneration.
 d - a +2 pair of boots (worn)
 h - a scarf of resistance (worn)
 t - the +0 pair of gloves of Dof Piq {Rampage rElec Int-3 Stlth-}
   (Okawaru gifted it to you on level 13 of the Dungeon)

   Int-3:     It affects your intelligence (-3).
   rElec:     It insulates you from electricity.
   Rampage:   It bestows one free step when moving towards enemies.
   Stlth-:    It makes you less stealthy.
 u - a +0 cloak
 x - the +1 helmet of Fortification (worn) {+Inv Will+ Regen+ Str-5}
   (You acquired it on level 3 of the Vaults)

   Str-5:     It affects your strength (-5).
   Will+:     It increases your willpower.
   +Inv:      It lets you turn invisible.
   Regen+:    It increases your rate of health regeneration.
Jewellery
 m - an amulet of regeneration (around neck)
 o - the ring "Zegug" (right hand) {AC+4 Int-4 Dex+5}
   (You found it in a Gauntlet)

   [ring of protection]

   AC+4:      It affects your AC (+4).
   Int-4:     It affects your intelligence (-4).
   Dex+5:     It affects your dexterity (+5).
 p - a +6 ring of dexterity (left hand)
Wands
 l - a wand of digging (17)
Scrolls
 e - 38 scrolls of identify
 i - 5 scrolls of teleportation
 v - 4 scrolls of enchant armour
Potions
 a - 5 potions of might
 c - 4 potions of heal wounds
 f - 10 potions of haste
 g - 14 potions of enlightenment
 j - 7 potions of mutation
 k - 7 potions of curing
 n - 7 potions of magic
 q - 3 potions of resistance
 s - a potion of cancellation

Dungeon Overview and Level Annotations

Branches:
Dungeon (15/15)            Temple (1/1) D:5            Lair (5/5) D:11
 Shoals (4/4) Lair:3       Spider (4/4) Lair:2        Slime (0/5) Lair:5
    Orc (2/2) D:9             Elf (0/3) Orc:2        Vaults (5/5) D:13
  Crypt (0/3) Vaults:2     Depths (4/4) D:15            Zot (0/5) Depths:4
  Sewer (visited)         Gauntlet (visited)

Altars:
Ashenzari
Cheibriados
Dithmenos
Elyvilon
Fedhas
Gozag
Hepliaklqana
Kikubaaqudgha
Makhleb
Nemelex Xobeh
Okawaru
Qazlal
Ru
Sif Muna
Trog
Uskayaw
Vehumet
Wu Jian
Xom
Yredelemnul
Zin
The Shining One
Jiyva

Shops:
D:1 *=[?!   D:7 =?!*   D:9 (   D:11 (   Orc:1 *   Orc:2 :*==(   Vaults:2 [*

Portals:
Hell: Depths:1 Depths:2 Depths:3 Depths:4
Abyss: Depths:1 Depths:2 Depths:3
Pandemonium: Depths:2
Ziggurat: Depths:3
Trove: Vaults:3 (give +5 demon whip)

Annotations:
Lair:5 1 runed translucent door
Vaults:1 1 runed translucent door, qw's ghost, adept GrHu


Message History

The shadow dragon is lightly wounded.
The moth of wrath changes into a steelbarb worm!
The tengu reaver completely misses you. The titan hits you!!
The shadow dragon completely misses you. x3
The vault warden hits you with a +3 great mace of protection!
38460 |||
Found retreat position at -4,-1 (floor) with 1 blocking monsters and 2 monsters attacking at destination at distance 6 You shoot a bolt.
The bolt hits the shadow dragon!
The bolt burns the shadow dragon.
The shadow dragon is moderately wounded.
The shadow dragon completely misses you.
The shadow dragon claws you but does no damage.
The shadow dragon barely misses you. The ettin completely misses you. x2
38461 |||
Found retreat position at -4,-1 (floor) with 1 blocking monsters and 2 monsters attacking at destination at distance 6 You shoot a bolt.
The bolt hits the shadow dragon!!!
The bolt burns the shadow dragon!!
The shadow dragon is heavily wounded.
The shadow dragon barely misses you. The shadow dragon claws you!
The shadow dragon completely misses you.
The tengu reaver hits you but does no damage.
Space warps around you.
The shadow dragon completely misses you. x2
The shadow dragon closely misses you. The titan completely misses you.
The vault warden activates a sealing rune.
The ettin completely misses you. x2
38462 |||
Found retreat position at -4,-1 (floor) with 2 blocking monsters and 2 monsters attacking at destination at distance 6
38462 ||| READING 6 scrolls of teleportation.
As you read the scroll of teleportation, it crumbles to dust.
You feel strangely unstable.
You feel like a meek peon again.
The shadow dragon completely misses you.
The shadow dragon closely misses you.
The shadow dragon completely misses you.
The shadow dragon bites you but does no damage.
The shadow dragon completely misses you.
The shadow dragon claws you. The tengu reaver misses you.
The tengu reaver pecks you but does no damage.
The tengu reaver claws you but does no damage.
The ettin hits you with a +0 dire flail!!
The ettin hits you with a +0 dire flail!!!
You die...

#....# #.#....#
..#....# #.#....#
#.#....# ##.#....# ..
..#....#.#.##
#.#..CQ#W...##
##.#.D@.#.....#
###.##..#QDpC#......
[......).)DwW........
########........######
......()..c........
........<<.........
......?.<..<........
.........<<.........
######......))######


You could see 2 shadow dragons, a titan, a golden dragon, a vault warden, 2
tengu reavers, a yaktaur captain, a steelbarb worm shaped shifter, an ettin
(berserk) and a freezing wraith.

Vanquished Creatures
  A dread lich (Vaults:4)
  An ancient lich (Vaults:5)
  Mara (Depths:3)
  Vv (Depths:2)
  Boris (Depths:3)
  Saint Roka (Orc:2)
  Bai Suzhen (Depths:2)
  Margery (Depths:3)
  A bone dragon (Depths:4)
  Jorgrun (Shoals:1)
  Rupert (D:15)
  7 tentacled monstrosities
  A walking earthen tome (Depths:2)
  2 liches (Depths:4)
  A titan (Vaults:5)
  Polyphemus (Shoals:4)
  2 walking frostbound tomes (Depths:3)
  8 sphinxes
  Frances (Spider:2)
  An ancient champion (Vaults:2)
  2 krakens (Shoals:2)
  6 tengu reavers
  A storm dragon (Depths:3)
  2 shadow dragons (Depths:4)
  Agnes (Spider:2)
  9 fire giants
  9 frost giants
  3 emperor scorpions (Spider:4)
  15 vault wardens
  An iron dragon (Depths:3)
  5 ghost moths
  2 orc warlords
  A balrug (Gauntlet)
  A caustic shrike zombie (Depths:1)
  A draconian stormcaller (Depths:4)
  2 broodmothers
  3 spriggan defenders
  4 formless jellyfish
  A war gargoyle (Vaults:3)
  10 very ugly things
  11 ironbound preservers
  2 vampire knights
  5 ironbound thunderhulks
  11 stone giants
  A deep elf demonologist (Shoals:2)
  5 purple draconians
  3 dire elephants (Vaults:1)
  2 black draconians
  A red draconian (Depths:3)
  A white draconian (Depths:3)
  5 spark wasps
  A minotaur (Gauntlet)
  10 ettins
  A crystal guardian (Vaults:3)
  14 yaktaur captains
  12 fire dragons
  12 merfolk javelineers
  5 great orbs of eyes
  5 entropy weavers
  9 merfolk impalers
  5 jiangshi (Depths:3)
  13 hydras
  A deep elf high priest (Vaults:5)
  5 rakshasas
  42 vault guards
  3 ogre magi
  13 ironbound frosthearts
  4 spriggan air magi (Depths:2)
  6 catoblepae
  2 peacekeepers
  4 ice dragons
  A ghost crab (Gauntlet)
  A jorogumo (Spider:4)
  2 merfolk avatars
  3 boulder beetles
  3 satyrs
  10 two-headed ogres
  3 death yaks (Shoals:4)
  A merfolk aquamancer (Shoals:1)
  A radroach (shapeshifter) (Depths:3)
  7 centaur warriors
  2 radroaches
  7 tengu warriors
  9 deep troll shamans
  4 vampire magi
  4 demonic crawlers
  8 deep troll earth magi
  Sonja (D:11)
  2 orc high priests
  2 deep elf knights (Shoals:2)
  A spriggan berserker (Depths:2)
  9 iron trolls
  12 hell knights
  7 skysharks
  A sun moth (Spider:4)
  8 pharaoh ants
  A spark wasp zombie (Depths:2)
  7 skeletal warriors
  4 glowing orange brains
  12 sea snakes
  A flayed ghost (Depths:2)
  34 slime creatures
  42 deep trolls
  6 orb spiders
  2 phantasmal warriors (Vaults:4)
  6 lindwurms
  7 necromancers
  Pikel (D:8)
  10 wizards
  9 steelbarb worms
  A lindwurm (shapeshifter) (Depths:2)
  28 harpies
  2 deep elf zephyrmancers (Shoals:2)
  13 ironbound convokers
  9 orc knights
  A tengu skeleton (Depths:2)
  A deep elf pyromancer (Shoals:2)
  16 wolf spiders
  A salamander (shapeshifter) (D:15)
  A faun (shapeshifter) (Depths:2)
  13 manticores
  An orc sorcerer (Orc:1)
  27 ugly things
  12 fauns
  6 merfolk sirens
  9 cyclopes
  A moth of wrath (Spider:4)
  8 elephants (Lair:5)
  A frost giant skeleton (Depths:2)
  5 torpor snails
  3 black mambas
  19 vault sentinels
  12 cane toads
  A gargoyle (D:14)
  4 water nymphs
  A kobold demonologist (D:12)
  6 komodo dragons
  3 unseen horrors
  5 rime drakes
  A freezing wraith (Vaults:2)
  28 yaktaurs
  8 tengu conjurers
  An efreet (D:14)
  7 trolls
  A polar bear (shapeshifter) (Depths:2)
  6 meliai
  5 hornets
  A queen bee (Lair:5)
  5 polar bears (Lair:5)
  30 merfolk
  Grinder (D:4)
  7 wind drakes
  22 tarantellas
  23 blink frogs
  11 dream sheep
  9 snapping turtles
  21 culicivoras
  23 jumping spiders
  11 water elementals
  2 wraiths
  A fire bat (shapeshifter) (D:14)
  A vampire (D:9)
  39 yaks
  A basilisk (Lair:5)
  51 redbacks
  8 wyverns
  7 steam dragons
  6 vampire mosquitoes
  Edmund (D:6)
  A swamp worm (shapeshifter) (Vaults:4)
  8 wargs
  A human zombie (Depths:1)
  13 water moccasins
  An acid dragon (D:12)
  2 hell hounds (Depths:2)
  A floating eye (Depths:2)
  37 orc warriors
  A meliai simulacrum (D:15)
  A black bear (D:11)
  A sky beast (D:7)
  8 ogres
  4 wolves (Lair:3)
  A boggart (Vaults:3)
  25 centaurs
  2 phantoms (D:7)
  2 lemures (D:8)
  A kobold brigand (D:9)
  2 gnoll sergeants
  8 bullfrogs
  2 scorpions
  4 wights (D:8)
  26 killer bees
  5 howler monkeys
  3 electric eels
  3 hounds
  2 jellies (D:6)
  2 gnoll boudas (D:7)
  11 orc priests
  Terence (D:2)
  7 hell rats (Lair:5)
  12 orc wizards
  Ijyb (D:5)
  17 gnolls
  5 adders
  3 ufetubi
  5 worms (D:2)
  3 dart slugs
  43 orcs
  5 bats
  7 endoplasms
  17 giant cockroaches
  9 goblins
  6 hobgoblins
  2 jackals (D:4)
  15 kobolds
  3 quokkas (Sewer)
  16 ball pythons
  9 frilled lizards
  7 rats
  5 tentacles (Shoals:2)
1503 creatures vanquished.

Vanquished Creatures (others)
  A very ugly thing (Depths:2)
  A tengu warrior (Depths:4)
  A sea snake (shapeshifter) (Vaults:5)
  An orc (Orc:2)
  12 tentacles (Shoals:2)
16 creatures vanquished.

Grand Total: 1519 creatures vanquished

Notes
Turn   | Place    | Note
-------+----------+-------------------------------------------
     0 | D:1      | qw the Gargoyle Hunter began the quest for the Orb.
     0 | D:1      | Reached XP level 1. HP: 12/12 MP: 1/1
     0 | D:1      | 0 ||| qw: Version: 0.3-a-76-g4403597
     0 | D:1      | 0 ||| qw: Game counter: 1270
     0 | D:1      | 0 ||| qw: Melee chars always use a shield: true
     0 | D:1      | 0 ||| qw: God list: Okawaru
     0 | D:1      | 0 ||| qw: Allow faded altars: false
     0 | D:1      | 0 ||| qw: Do Orc after clearing Dungeon:15 true
     0 | D:1      | 0 ||| qw: Do second Lair branch before Depths: true
     0 | D:1      | 0 ||| qw: Lair rune preference: random
     0 | D:1      | 0 ||| qw: Goals: Normal
     0 | D:1      | 0 ||| PLANNING D:1-11
   127 | D:1      | Reached XP level 2. HP: 17/17 MP: 2/2
   144 | D:1      | Found Jupaw's Magic Scroll Boutique.
   147 | D:1      | 147 ||| SHOPLISTING 3 scrolls of enchant armour (315 gold,
                  | have 11).
   147 | D:1      | 147 ||| SHOPLISTING scroll of enchant armour (105 gold,
                  | have 11).
   147 | D:1      | 147 ||| SHOPLISTING scroll of identify (28 gold, have 11).
   152 | D:1      | Found Voeloed's Distillery.
   186 | D:1      | 186 ||| SHOPLISTING potion of curing (42 gold, have 11).
   186 | D:1      | 186 ||| SHOPLISTING potion of enlightenment (70 gold, have
                  | 11).
   186 | D:1      | 186 ||| SHOPLISTING potion of experience (700 gold, have
                  | 11).
   186 | D:1      | 186 ||| SHOPLISTING potion of haste (140 gold, have 11).
   186 | D:1      | 186 ||| SHOPLISTING potion of heal wounds (70 gold, have
                  | 11).
   186 | D:1      | 186 ||| SHOPLISTING potion of might (56 gold, have 11).
   207 | D:1      | Found Hielomix's Armour Shoppe.
   210 | D:1      | 210 ||| SHOPLISTING +0 pair of boots (54 gold, have 11).
   210 | D:1      | 210 ||| SHOPLISTING +0 ring mail (48 gold, have 11).
   252 | D:1      | Found Voqil's General Store.
   261 | D:1      | 261 ||| SHOPLISTING +1 pair of gloves of dexterity (165
                  | gold, have 11).
   261 | D:1      | 261 ||| SHOPLISTING potion of curing (30 gold, have 11).
   261 | D:1      | 261 ||| SHOPLISTING potion of haste (100 gold, have 11).
   261 | D:1      | 261 ||| SHOPLISTING scroll of teleportation (30 gold, have
                  | 11).
   495 | D:1      | Reached XP level 3. HP: 21/21 MP: 3/3
   518 | D:1      | Found Biugy's Jewellery Emporium.
   530 | D:1      | 530 ||| SHOPLISTING amulet "Nuerylose" {Harm rC- Regen+
                  | Str+5} (486 gold, have 11).
   530 | D:1      | 530 ||| SHOPLISTING amulet of faith (480 gold, have 11).
   530 | D:1      | 530 ||| SHOPLISTING amulet of the acrobat (360 gold, have
                  | 11).
   530 | D:1      | 530 ||| SHOPLISTING ring of positive energy (240 gold, have
                  | 11).
   530 | D:1      | 530 ||| SHOPLISTING ring of see invisible (180 gold, have
                  | 11).
   845 | D:1      | 845 ||| DROPPING ring of wizardry.
   846 | D:1      | 846 ||| READING scroll labelled DAHITW NOOVOA.
   847 | D:1      | 847 ||| READING 2 scrolls labelled LARHIARAI.
   848 | D:1      | 848 ||| READING scroll labelled AKHALOEPREJ.
   849 | D:1      | 849 ||| READING scroll labelled QINKOX HISA.
   850 | D:1      | 850 ||| READING scroll labelled HOEJAO IHETOE.
   851 | D:1      | 851 ||| DROPPING scroll of butterflies.
   871 | D:2      | Reached skill level 3 in Fighting
   947 | D:2      | Noticed Terence
   948 | D:2      | 948 ||| Stepping ~*~*~tactically~*~*~ (outnumbered).
   950 | D:2      | Reached XP level 4. HP: 28/28 MP: 4/4
   960 | D:2      | HP: 7/28 [Terence/+0 trident (2)]
   963 | D:2      | HP: 2/28 [Terence/+0 trident (6)]
   964 | D:2      | Killed Terence
  1203 | D:2      | 1203 ||| Stepping ~*~*~tactically~*~*~ (water).
  1206 | D:2      | 1206 ||| Stepping ~*~*~tactically~*~*~ (water).
  1433 | D:2      | Identified the +3 leather armour "Obbarhec" {-Cast Regen+
                  | Dex+6}
  1606 | D:2      | Found a blossoming altar of Fedhas.
  1612 | D:2      | Reached XP level 5. HP: 32/32 MP: 5/5
  1710 | D:2      | 1710 ||| UPGRADING to +3 leather armour "Obbarhec" {-Cast
                  | Regen+ Dex+6}.
  1720 | D:2      | 1720 ||| DROPPING +0 leather armour.
  1721 | D:2      | 1721 ||| READING 2 scrolls of identify.
  1721 | D:2      | 1721 ||| IDENTIFYING dark potion
  1941 | D:3      | Reached skill level 6 in Ranged Weapons
  2003 | D:3      | 2003 ||| READING scroll of enchant weapon.
  2003 | D:3      | 2003 ||| ENCHANTING +1 shortbow.
  2263 | D:3      | 2263 ||| DRINKING 2 cyan potions.
  2293 | D:3      | 2293 ||| READING 2 scrolls of identify.
  2293 | D:3      | 2293 ||| IDENTIFYING green potion
  2294 | D:3      | 2294 ||| DROPPING potion of lignification.
  2340 | D:4      | 2340 ||| PLANNING SEWER
  2738 | D:4      | Found a glowing drain.
  2744 | D:4      | Noticed Grinder
  2745 | D:4      | 2745 ||| READING scroll labelled GEYMMA FESOXEYDE.
  2749 | D:4      | 2749 ||| READING scroll labelled EHANUF RIQY.
  2788 | D:4      | Killed Grinder
  2789 | D:4      | Reached skill level 5 in Fighting
  2789 | D:4      | Reached XP level 6. HP: 38/40 MP: 6/6
  2796 | Sewer    | Entered a sewer
  2805 | Sewer    | 2805 ||| Stepping ~*~*~tactically~*~*~ (water).
  2820 | Sewer    | 2820 ||| Stepping ~*~*~tactically~*~*~ (water).
  2877 | Sewer    | 2877 ||| Stepping ~*~*~tactically~*~*~ (water).
  2961 | Sewer    | Found the +5 scythe "Finisher" {speed, execute}
  2974 | Sewer    | Reached XP level 7. HP: 40/44 MP: 7/7
  3203 | Sewer    | 3203 ||| UPGRADING to +0 pair of boots.
  3227 | D:4      | 3227 ||| PLANNING D:1-11
  3658 | D:5      | Entered Level 5 of the Dungeon
  3658 | D:5      | Noticed Ijyb
  3665 | D:5      | 3665 ||| STAIRDANCE
  3671 | D:4      | Reached skill level 1 in Armour
  3680 | D:5      | Killed Ijyb
  3696 | D:5      | Found a staircase to the Ecumenical Temple.
  3697 | D:5      | 3697 ||| PLANNING TEMPLE
  3697 | D:5      | 3697 ||| READING scroll labelled DOFOF OX GECWE.
  3698 | D:5      | 3698 ||| READING scroll labelled AVVUEH AMAMM.
  3710 | Temple   | Entered the Ecumenical Temple
  3711 | Temple   | 3711 ||| PLANNING OKAWARU WORSHIP
  3719 | Temple   | Became a worshipper of Warmaster Okawaru
  3720 | Temple   | 3720 ||| PLANNING D:1-11
  3732 | D:5      | 3732 ||| Stepping ~*~*~tactically~*~*~ (outnumbered).
  3735 | D:5      | 3735 ||| Stepping ~*~*~tactically~*~*~ (retreating).
  3738 | D:5      | 3738 ||| Stepping ~*~*~tactically~*~*~ (retreating).
  3739 | D:5      | 3739 ||| Stepping ~*~*~tactically~*~*~ (retreating).
  3740 | D:5      | 3740 ||| Stepping ~*~*~tactically~*~*~ (retreating).
  3741 | D:5      | 3741 ||| Stepping ~*~*~tactically~*~*~ (retreating).
  3744 | D:5      | 3744 ||| Stepping ~*~*~tactically~*~*~ (retreating).
  3745 | D:5      | 3745 ||| Stepping ~*~*~tactically~*~*~ (retreating).
  3962 | D:5      | Reached XP level 8. HP: 50/50 MP: 8/8
  4054 | D:5      | 4054 ||| SWAPPING to +0 orcbow.
  4055 | D:5      | Reached * piety under Okawaru
  4056 | D:5      | 4056 ||| DROPPING +2 shortbow of chaos.
  4116 | D:5      | 4116 ||| DROPPING scarf of shadows.
  4117 | D:5      | 4117 ||| READING scroll labelled LYAXTON UVVER.
  4117 | D:5      | Identified a scroll of acquirement
  4117 | D:5      | 4117 ||| ACQUIRING +0 arbalest of flaming
  4117 | D:5      | Acquired a +0 arbalest of flaming
  4119 | D:5      | 4119 ||| SWAPPING to +0 arbalest of flaming.
  4120 | D:5      | 4120 ||| DROPPING +0 orcbow.
  4121 | D:5      | 4121 ||| READING 7 scrolls of identify.
  4121 | D:5      | 4121 ||| IDENTIFYING viscous blue potion
  4122 | D:5      | 4122 ||| READING 6 scrolls of identify.
  4122 | D:5      | 4122 ||| IDENTIFYING puce potion
  4193 | D:6      | Noticed a two-headed ogre
  4194 | D:6      | 4194 ||| INVOKING Heroism.
  4211 | D:6      | 4211 ||| FLEEEEING.
  4219 | D:6      | Killed a two-headed ogre
  4219 | D:6      | Reached ** piety under Okawaru
  4362 | D:6      | 4362 ||| INVOKING Heroism.
  4364 | D:6      | Reached skill level 1 in Invocations
  4471 | D:6      | 4471 ||| INVOKING Heroism.
  4560 | D:6      | Reached XP level 9. HP: 54/54 MP: 10/10
  4731 | D:6      | Noticed Edmund
  4732 | D:6      | 4732 ||| INVOKING Heroism.
  4740 | D:6      | Killed Edmund
  4811 | D:6      | 4811 ||| UPGRADING to amulet of regeneration.
  4816 | D:6      | 4816 ||| READING 2 scrolls labelled TAIDIS MELEN.
  4817 | D:6      | 4817 ||| READING 6 scrolls of identify.
  4817 | D:6      | 4817 ||| IDENTIFYING viscous orange potion
  4818 | D:6      | 4818 ||| READING 5 scrolls of identify.
  4818 | D:6      | 4818 ||| IDENTIFYING inky potion
  4819 | D:6      | 4819 ||| DROPPING scroll of amnesia.
  4820 | D:6      | 4820 ||| DROPPING potion of invisibility.
  4844 | D:7      | Reached skill level 3 in Dodging
  4844 | D:7      | Reached skill level 3 in Invocations
  4844 | D:7      | 4844 ||| STAIRDANCE
  4862 | D:7      | Found Lbbasep's Luxury Loot.
  4878 | D:7      | 4878 ||| BUYING +0 longbow (71 gold).
  4878 | D:7      | Bought a +0 longbow for 71 gold pieces
  4878 | D:7      | 4878 ||| BUYING potion of enlightenment (55 gold).
  4878 | D:7      | Bought a potion of enlightenment for 55 gold pieces
  4878 | D:7      | 4878 ||| SWAPPING to +0 longbow.
  4879 | D:7      | 4879 ||| DROPPING +0 arbalest of flaming.
  4890 | D:7      | Identified the +2 leather armour of Heresy {rC+ rCorr}
  4905 | D:7      | 4905 ||| INVOKING Heroism.
  4909 | D:7      | 4909 ||| Stepping ~*~*~tactically~*~*~ (outnumbered).
  4993 | D:7      | 4993 ||| INVOKING Heroism.
  5016 | D:7      | Reached skill level 6 in Fighting
  5020 | D:7      | 5020 ||| RETREATING.
  5021 | D:7      | 5021 ||| Stepping ~*~*~tactically~*~*~ (outnumbered).
  5045 | D:7      | 5045 ||| INVOKING Heroism.
  5102 | D:7      | Identified the amulet "Siyfaus" {rPois Regen+}
  5151 | D:7      | Noticed a hornet
  5158 | D:7      | Killed a hornet
  5159 | D:7      | Reached skill level 7 in Fighting
  5159 | D:7      | Found a blossoming altar of Fedhas.
  5162 | D:7      | Found a stormy altar of Qazlal.
  5162 | D:7      | Found a glowing silver altar of Zin.
  5175 | D:7      | Found an ornate altar of the Wu Jian Council.
  5178 | D:7      | Found a burning altar of Makhleb.
  5311 | D:7      | Found Numit's Jewellery Shoppe.
  5314 | D:7      | Found Zetapas's Magic Scroll Shoppe.
  5316 | D:7      | Found Wuxegob's Distillery.
  5322 | D:7      | 5322 ||| BUYING scroll of enchant weapon (97 gold).
  5322 | D:7      | Bought a scroll of enchant weapon for 97 gold pieces
  5322 | D:7      | 5322 ||| BUYING scroll of identify (26 gold).
  5322 | D:7      | Bought a scroll of identify for 26 gold pieces
  5322 | D:7      | 5322 ||| BUYING scroll of identify (26 gold).
  5322 | D:7      | Bought a scroll of identify for 26 gold pieces
  5322 | D:7      | 5322 ||| BUYING scroll of identify (26 gold).
  5322 | D:7      | Bought a scroll of identify for 26 gold pieces
  5322 | D:7      | 5322 ||| BUYING scroll of identify (26 gold).
  5322 | D:7      | Bought a scroll of identify for 26 gold pieces
  5322 | D:7      | 5322 ||| READING scroll of enchant weapon.
  5322 | D:7      | 5322 ||| ENCHANTING +0 longbow.
  5367 | D:7      | 5367 ||| UPGRADING to scarf of resistance.
  5372 | D:7      | 5372 ||| DROPPING amulet "Siyfaus" {rPois Regen+}.
  5373 | D:7      | 5373 ||| READING scroll labelled RIXANO DIST.
  5374 | D:7      | 5374 ||| READING scroll labelled BOD FUASEWUCVAR.
  5375 | D:7      | 5375 ||| READING scroll labelled FYNGIA JAARI.
  5476 | D:7      | 5476 ||| READING scroll labelled BEMANG FACEPTORA.
  5477 | D:7      | 5477 ||| READING 8 scrolls of identify.
  5477 | D:7      | 5477 ||| IDENTIFYING grey potion
  5478 | D:7      | 5478 ||| DROPPING potion of attraction.
  5599 | D:7      | 5599 ||| SHOPLISTING amulet of faith (560 gold, have 18).
  5599 | D:7      | 5599 ||| SHOPLISTING amulet of reflection (420 gold, have
                  | 18).
  5599 | D:7      | 5599 ||| SHOPLISTING ring of willpower (350 gold, have 18).
  5867 | D:8      | Identified the +1 dagger "Itiwn" {protect, *Rage rF+
                  | Stlth+}
  5952 | D:8      | Reached *** piety under Okawaru
  5973 | D:8      | 5973 ||| Stepping ~*~*~tactically~*~*~ (retreating).
  5976 | D:8      | Reached XP level 10. HP: 59/63 MP: 13/13
  5978 | D:8      | Noticed Pikel
  5978 | D:8      | 5978 ||| Stepping ~*~*~tactically~*~*~ (retreating).
  5979 | D:8      | 5979 ||| Stepping ~*~*~tactically~*~*~ (retreating).
  5980 | D:8      | 5980 ||| Stepping ~*~*~tactically~*~*~ (retreating).
  5996 | D:8      | Killed Pikel
  5997 | D:8      | Reached skill level 8 in Fighting
  6024 | D:8      | 6024 ||| INVOKING Heroism.
  6044 | D:8      | 6044 ||| INVOKING Heroism.
  6150 | D:8      | 6150 ||| INVOKING Heroism.
  6223 | D:7      | 6223 ||| SHOPLISTING 2 potions of enlightenment (120 gold,
                  | have 42).
  6223 | D:7      | 6223 ||| SHOPLISTING 2 potions of mutation (192 gold, have
                  | 42).
  6223 | D:7      | 6223 ||| BUYING potion of curing (36 gold).
  6223 | D:7      | Bought a potion of curing for 36 gold pieces
  6223 | D:7      | 6223 ||| SHOPLISTING potion of curing (36 gold, have 6).
  6223 | D:7      | 6223 ||| SHOPLISTING potion of haste (120 gold, have 6).
  6223 | D:7      | 6223 ||| SHOPLISTING potion of heal wounds (60 gold, have
                  | 6).
  6550 | D:9      | Found a staircase to the Orcish Mines.
  6626 | D:9      | Found Rouheng's Antique Weapon Shoppe.
  6846 | D:9      | 6846 ||| Stepping ~*~*~tactically~*~*~ (outnumbered).
  6848 | D:9      | 6848 ||| Stepping ~*~*~tactically~*~*~ (outnumbered).
  6851 | D:9      | 6851 ||| Stepping ~*~*~tactically~*~*~ (outnumbered).
  6852 | D:9      | 6852 ||| Stepping ~*~*~tactically~*~*~ (outnumbered).
  6853 | D:9      | 6853 ||| Stepping ~*~*~tactically~*~*~ (outnumbered).
  7202 | D:10     | Entered Level 10 of the Dungeon
  7238 | D:10     | Reached skill level 12 in Ranged Weapons
  7305 | D:10     | Reached **** piety under Okawaru
  7366 | D:10     | You fall into a shaft and drop 1 floor!
  7368 | D:11     | Noticed a cyclops
  7369 | D:11     | 7369 ||| INVOKING Heroism.
  7375 | D:11     | Killed a cyclops
  7415 | D:11     | 7415 ||| INVOKING Heroism.
  7461 | D:11     | 7461 ||| READING 10 scrolls of identify.
  7461 | D:11     | 7461 ||| IDENTIFYING glowing sapphire potion
  7468 | D:11     | 7468 ||| Stepping ~*~*~tactically~*~*~ (retreating).
  7469 | D:11     | 7469 ||| Stepping ~*~*~tactically~*~*~ (retreating).
  7470 | D:11     | 7470 ||| Stepping ~*~*~tactically~*~*~ (retreating).
  7471 | D:11     | 7471 ||| Stepping ~*~*~tactically~*~*~ (retreating).
  7480 | D:11     | Reached XP level 11. HP: 69/69 MP: 14/14
  7547 | D:11     | Found Icekhes's Antique Weapon Shoppe.
  7547 | D:11     | Noticed a purple ugly thing
  7548 | D:11     | 7548 ||| Stepping ~*~*~tactically~*~*~ (water).
  7550 | D:11     | 7550 ||| RETREATING.
  7560 | D:11     | 7560 ||| RETREATING.
  7564 | D:11     | 7564 ||| Stepping ~*~*~tactically~*~*~ (retreating).
  7575 | D:11     | Killed a purple ugly thing
  7580 | D:11     | 7580 ||| INVOKING Heroism.
  7583 | D:11     | Reached skill level 9 in Fighting
  7772 | D:11     | Reached skill level 6 in Invocations
  7772 | D:11     | Found a staircase to the Lair.
  7886 | D:11     | 7886 ||| READING 9 scrolls of identify.
  7886 | D:11     | 7886 ||| IDENTIFYING brown potion
  7887 | D:11     | 7887 ||| DROPPING potion of berserk rage.
  7888 | D:11     | 7888 ||| DROPPING potion of degeneration.
  8144 | D:10     | 8144 ||| INVOKING Heroism.
  8314 | D:10     | 8314 ||| PLANNING LAIR
  8409 | Lair:1   | Entered Level 1 of the Lair of Beasts
  8421 | Lair:1   | 8421 ||| INVOKING Heroism.
  8471 | Lair:1   | 8471 ||| READING scroll of enchant armour.
  8471 | Lair:1   | 8471 ||| ENCHANTING +0 pair of boots.
  8489 | Lair:1   | 8489 ||| READING scroll of enchant armour.
  8489 | Lair:1   | 8489 ||| ENCHANTING +1 pair of boots.
  8524 | Lair:1   | 8524 ||| Stepping ~*~*~tactically~*~*~ (water).
  8528 | Lair:1   | 8528 ||| RETREATING.
  8593 | Lair:1   | 8593 ||| INVOKING Heroism.
  8593 | Lair:1   | Noticed a catoblepas
  8594 | Lair:1   | 8594 ||| Stepping ~*~*~tactically~*~*~ (outnumbered).
  8602 | Lair:1   | 8602 ||| RETREATING.
  8606 | Lair:1   | Killed a catoblepas
  8735 | Lair:1   | 8735 ||| RETREATING.
  8740 | Lair:1   | 8740 ||| Stepping ~*~*~tactically~*~*~ (retreating).
  8741 | Lair:1   | 8741 ||| Stepping ~*~*~tactically~*~*~ (retreating).
  8745 | Lair:1   | 8745 ||| Stepping ~*~*~tactically~*~*~ (retreating).
  8748 | Lair:1   | 8748 ||| INVOKING Heroism.
  8822 | Lair:1   | 8822 ||| INVOKING Heroism.
  8915 | Lair:1   | 8915 ||| INVOKING Heroism.
  9086 | Lair:1   | 9086 ||| UPGRADING to +0 helmet.
  9091 | Lair:1   | 9091 ||| UPGRADING to ring of see invisible.
  9116 | Lair:2   | 9116 ||| PLANNING GAUNTLET
  9143 | Lair:2   | 9143 ||| INVOKING Heroism.
  9152 | Lair:2   | Reached XP level 12. HP: 76/76 MP: 16/18
  9187 | Lair:2   | Found a gate leading to a gauntlet.
  9196 | Gauntlet | Entered a Gauntlet
  9196 | Gauntlet | Found a transporter.
  9196 | Gauntlet | Found a transporter.
  9197 | Gauntlet | Found a transporter.
  9197 | Gauntlet | Found a transporter.
  9197 | Gauntlet | Noticed a tengu warrior
  9200 | Gauntlet | Found a transporter.
  9200 | Gauntlet | Found a transporter.
  9207 | Gauntlet | Noticed a hell hog
  9214 | Gauntlet | Found a transporter.
  9214 | Gauntlet | Noticed a balrug
  9215 | Gauntlet | Found a transporter.
  9223 | Gauntlet | Noticed a balrug
  9223 | Gauntlet | Noticed a ghost crab
  9224 | Gauntlet | Found a transporter.
  9329 | Gauntlet | Found a transporter.
  9332 | Gauntlet | Found a transporter.
  9342 | Gauntlet | Found a transporter.
  9412 | Gauntlet | 9412 ||| INVOKING Heroism.
  9413 | Gauntlet | Killed a tengu warrior
  9414 | Gauntlet | Reached skill level 3 in Armour
  9414 | Gauntlet | Reached skill level 9 in Invocations
  9449 | Gauntlet | Identified the ring "Zegug" {AC+4 Int-4 Dex+5}
  9452 | Gauntlet | 9452 ||| UPGRADING to ring "Zegug" {AC+4 Int-4 Dex+5}.
  9464 | Gauntlet | 9464 ||| INVOKING Heroism.
  9466 | Gauntlet | HP: 14/77 [balrug/+0 demon whip of pain (19)]
  9466 | Gauntlet | HP: 5/77 [balrug/+0 demon whip of pain (9)]
  9467 | Gauntlet | 9467 ||| DRINKING 6 potions of heal wounds.
  9469 | Gauntlet | 9469 ||| DRINKING 5 potions of heal wounds.
  9471 | Gauntlet | 9471 ||| DRINKING 4 potions of heal wounds.
  9472 | Gauntlet | Killed a balrug
  9509 | Gauntlet | Identified the ring "Daew" {*Slow Fly Int+7}
  9511 | Gauntlet | 9511 ||| DROPPING ring "Daew" {*Slow Fly Int+7}.
  9526 | Gauntlet | Killed a ghost crab
  9527 | Gauntlet | 9527 ||| Stepping ~*~*~tactically~*~*~ (cloud).
  9544 | Gauntlet | 9544 ||| DROPPING scarf of harm.
  9557 | Gauntlet | Identified the +7 mace of Punishment {drain, Str+3}
  9557 | Gauntlet | Noticed a minotaur
  9558 | Gauntlet | 9558 ||| INVOKING Heroism.
  9565 | Gauntlet | HP: 9/77 [minotaur/the +7 mace of Punishment {drain, Str+3}
                  | (12)]
  9566 | Gauntlet | 9566 ||| DRINKING 4 potions of heal wounds.
  9567 | Gauntlet | Killed a minotaur
  9653 | Gauntlet | 9653 ||| UPGRADING to +6 ring of dexterity.
  9655 | Gauntlet | 9655 ||| DROPPING ring of see invisible.
  9656 | Gauntlet | 9656 ||| READING scroll labelled EGGI JICOASA.
  9680 | Lair:2   | 9680 ||| PLANNING LAIR
  9688 | Lair:2   | Reached skill level 6 in Dodging
  9732 | Lair:2   | Reached ***** piety under Okawaru
  9778 | Lair:2   | 9778 ||| INVOKING Heroism.
  9780 | Lair:2   | 9780 ||| RETREATING.
  9793 | Lair:2   | 9793 ||| Stepping ~*~*~tactically~*~*~ (retreating).
  9795 | Lair:2   | 9795 ||| Stepping ~*~*~tactically~*~*~ (retreating).
  9796 | Lair:2   | 9796 ||| Stepping ~*~*~tactically~*~*~ (retreating).
  9802 | Lair:2   | 9802 ||| INVOKING Heroism.
  9976 | Lair:2   | Found a hole to the Spider Nest.
  9984 | Lair:2   | You fall into a shaft and drop 2 floors!
  9988 | Lair:3   | Noticed a skyshark
 10003 | Lair:3   | Killed a skyshark
 10035 | Lair:2   | 10035 ||| READING scroll of enchant weapon.
 10035 | Lair:2   | 10035 ||| ENCHANTING +1 longbow.
 10132 | Lair:2   | Identified the +5 ring mail "Owiefela" {Int+3}
 10217 | Lair:2   | Noticed a five-headed hydra
 10218 | Lair:2   | 10218 ||| RETREATING.
 10222 | Lair:2   | 10222 ||| Stepping ~*~*~tactically~*~*~ (retreating).
 10228 | Lair:2   | Reached skill level 10 in Fighting
 10233 | Lair:2   | 10233 ||| INVOKING Heroism.
 10238 | Lair:2   | Killed a five-headed hydra
 10491 | Lair:3   | Noticed a boulder beetle
 10492 | Lair:3   | 10492 ||| INVOKING Heroism.
 10493 | Lair:3   | 10493 ||| INVOKING Finesse.
 10501 | Lair:3   | Killed a boulder beetle
 10559 | Lair:3   | Found a staircase to the Shoals.
 10576 | Lair:3   | 10576 ||| INVOKING Heroism.
 10578 | Lair:3   | 10578 ||| Stepping ~*~*~tactically~*~*~ (retreating).
 10584 | Lair:3   | 10584 ||| Stepping ~*~*~tactically~*~*~ (retreating).
 10585 | Lair:3   | 10585 ||| Stepping ~*~*~tactically~*~*~ (retreating).
 10587 | Lair:3   | 10587 ||| Stepping ~*~*~tactically~*~*~ (retreating).
 10810 | Lair:3   | Reached skill level 15 in Ranged Weapons
 10810 | Lair:3   | 10810 ||| RETREATING.
 10825 | Lair:3   | Reached XP level 13. HP: 80/82 MP: 20/20
 11487 | Lair:4   | 11487 ||| INVOKING Heroism.
 11502 | Lair:4   | 11502 ||| Stepping ~*~*~tactically~*~*~ (outnumbered).
 11504 | Lair:4   | 11504 ||| Stepping ~*~*~tactically~*~*~ (outnumbered).
 11506 | Lair:4   | 11506 ||| Stepping ~*~*~tactically~*~*~ (outnumbered).
 11508 | Lair:4   | 11508 ||| Stepping ~*~*~tactically~*~*~ (outnumbered).
 11510 | Lair:4   | 11510 ||| Stepping ~*~*~tactically~*~*~ (outnumbered).
 11512 | Lair:4   | 11512 ||| INVOKING Finesse.
 11600 | Lair:4   | 11600 ||| INVOKING Heroism.
 11605 | Lair:4   | Received a gift from Okawaru
 11614 | Lair:4   | 11614 ||| SWAPPING to +3 triple crossbow of freezing.
 11615 | Lair:4   | 11615 ||| DROPPING +2 longbow.
 11838 | Lair:4   | 11838 ||| DROPPING amulet of guardian spirit.
 11839 | Lair:4   | 11839 ||| READING 11 scrolls of identify.
 11839 | Lair:4   | 11839 ||| IDENTIFYING lumpy dark potion
 11875 | Lair:5   | Entered Level 5 of the Lair of Beasts
 11899 | Lair:5   | 11899 ||| INVOKING Heroism.
 11964 | Lair:5   | 11964 ||| INVOKING Heroism.
 12000 | Lair:5   | 12000 ||| RETREATING.
 12001 | Lair:5   | 12001 ||| INVOKING Heroism.
 12039 | Lair:5   | 12039 ||| RETREATING.
 12041 | Lair:5   | 12041 ||| INVOKING Heroism.
 12071 | Lair:5   | 12071 ||| RETREATING.
 12090 | Lair:5   | 12090 ||| INVOKING Heroism.
 12115 | Lair:5   | Reached skill level 11 in Fighting
 12204 | Lair:5   | 12204 ||| Stepping ~*~*~tactically~*~*~ (retreating).
 12205 | Lair:5   | 12205 ||| Stepping ~*~*~tactically~*~*~ (retreating).
 12206 | Lair:5   | 12206 ||| Stepping ~*~*~tactically~*~*~ (retreating).
 12207 | Lair:5   | 12207 ||| Stepping ~*~*~tactically~*~*~ (retreating).
 12208 | Lair:5   | 12208 ||| Stepping ~*~*~tactically~*~*~ (retreating).
 12209 | Lair:5   | 12209 ||| Stepping ~*~*~tactically~*~*~ (retreating).
 12210 | Lair:5   | 12210 ||| Stepping ~*~*~tactically~*~*~ (retreating).
 12211 | Lair:5   | 12211 ||| Stepping ~*~*~tactically~*~*~ (retreating).
 12214 | Lair:5   | Received a gift from Okawaru
 12248 | Lair:5   | Received a gift from Okawaru
 12249 | Lair:5   | Reached skill level 9 in Dodging
 12264 | Lair:5   | 12264 ||| Stepping ~*~*~tactically~*~*~ (water).
 12277 | Lair:5   | 12277 ||| Stepping ~*~*~tactically~*~*~ (water).
 12290 | Lair:5   | 12290 ||| INVOKING Heroism.
 12297 | Lair:5   | 12297 ||| RETREATING.
 12415 | Lair:5   | 12415 ||| INVOKING Heroism.
 12453 | Lair:5   | 12453 ||| RETREATING.
 12471 | Lair:5   | Gained mutation: Your large and strong wings let you fly.
                  | [Gargoyle growth]
 12471 | Lair:5   | Reached XP level 14. HP: 76/90 MP: 21/21
 12472 | Lair:5   | 12472 ||| INVOKING Heroism.
 12563 | Lair:5   | 12563 ||| INVOKING Heroism.
 12586 | Lair:5   | Identified the +10 trident "Demon's Demise" {flame, Fragile
                  | rC+ Dex+3 SInv}
 12591 | Lair:5   | Identified the +1 helmet of Gestures {Fly rElec Str+4}
 12616 | Lair:5   | 12616 ||| RETREATING.
 12619 | Lair:5   | 12619 ||| Stepping ~*~*~tactically~*~*~ (retreating).
 12620 | Lair:5   | 12620 ||| Stepping ~*~*~tactically~*~*~ (retreating).
 12621 | Lair:5   | 12621 ||| Stepping ~*~*~tactically~*~*~ (retreating).
 12622 | Lair:5   | 12622 ||| Stepping ~*~*~tactically~*~*~ (retreating).
 12626 | Lair:5   | 12626 ||| RETREATING.
 12714 | Lair:5   | 12714 ||| INVOKING Heroism.
 12740 | Lair:5   | Found a runed translucent door.
 12743 | Lair:5   | Found a viscous altar of Jiyva.
 12747 | Lair:5   | Found a staircase to the Slime Pits.
 12850 | Lair:5   | 12850 ||| INVOKING Heroism.
 13104 | Lair:5   | 13104 ||| PLANNING D:1-11
 13104 | Lair:5   | 13104 ||| UPGRADING to +1 helmet of Gestures {Fly rElec
                  | Str+4}.
 13114 | Lair:5   | 13114 ||| DROPPING +0 helmet.
 13120 | Lair:5   | 13120 ||| INVOKING Heroism.
 13669 | D:11     | 13669 ||| PLANNING D
 13684 | D:12     | 13684 ||| STAIRDANCE
 13695 | D:12     | Noticed Sonja
 13696 | D:12     | 13696 ||| STAIRDANCE
 13698 | D:11     | 13698 ||| Stepping ~*~*~tactically~*~*~ (retreating).
 13699 | D:11     | 13699 ||| Stepping ~*~*~tactically~*~*~ (retreating).
 13700 | D:11     | 13700 ||| INVOKING Heroism.
 13728 | D:12     | 13728 ||| STAIRDANCE
 13730 | D:11     | 13730 ||| Stepping ~*~*~tactically~*~*~ (retreating).
 13731 | D:11     | 13731 ||| Stepping ~*~*~tactically~*~*~ (retreating).
 13741 | D:12     | 13741 ||| INVOKING Finesse.
 13744 | D:12     | 13744 ||| STAIRDANCE
 13774 | D:12     | 13774 ||| STAIRDANCE
 13779 | D:11     | 13779 ||| INVOKING Heroism.
 13797 | D:12     | 13797 ||| STAIRDANCE
 13804 | D:12     | 13804 ||| STAIRDANCE
 13809 | D:12     | 13809 ||| STAIRDANCE
 13816 | D:12     | 13816 ||| STAIRDANCE
 13818 | D:11     | Killed Sonja
 13823 | D:12     | 13823 ||| STAIRDANCE
 13844 | D:12     | Reached skill level 18 in Ranged Weapons
 13889 | D:12     | 13889 ||| RETREATING.
 13948 | D:12     | 13948 ||| RETREATING.
 14009 | D:12     | 14009 ||| DROPPING ring of protection from fire.
 14089 | D:12     | 14089 ||| Stepping randomly (disturbance).
 14090 | D:12     | 14090 ||| Stepping randomly (disturbance).
 14091 | D:12     | 14091 ||| Stepping randomly (disturbance).
 14092 | D:12     | 14092 ||| Stepping randomly (disturbance).
 14093 | D:12     | 14093 ||| Stepping randomly (disturbance).
 14235 | D:12     | 14235 ||| Stepping randomly (disturbance).
 14236 | D:12     | 14236 ||| Stepping randomly (disturbance).
 14237 | D:12     | 14237 ||| Stepping randomly (disturbance).
 14238 | D:12     | 14238 ||| Stepping randomly (disturbance).
 14239 | D:12     | 14239 ||| Stepping randomly (disturbance).
 14390 | D:12     | 14390 ||| READING 15 scrolls of identify.
 14390 | D:12     | 14390 ||| IDENTIFYING smoky emerald potion
 14402 | D:13     | 14402 ||| INVOKING Heroism.
 14412 | D:13     | Reached skill level 12 in Fighting
 14508 | D:13     | 14508 ||| RETREATING.
 14514 | D:13     | 14514 ||| INVOKING Heroism.
 14516 | D:13     | 14516 ||| READING 6 scrolls of teleportation.
 14561 | D:13     | 14561 ||| RETREATING.
 14614 | D:13     | 14614 ||| RETREATING.
 14614 | D:13     | Found a gate to the Vaults.
 14636 | D:13     | Reached ****** piety under Okawaru
 14637 | D:13     | Reached XP level 15. HP: 96/96 MP: 22/22
 14661 | D:13     | Identified the +0 pair of gloves of Dof Piq {Rampage rElec
                  | Int-3 Stlth-} (Okawaru gifted it to you on level 13 of the
                  | Dungeon)
 14661 | D:13     | Received a gift from Okawaru
 15227 | D:14     | 15227 ||| RETREATING.
 15229 | D:14     | 15229 ||| RETREATING.
 15304 | D:14     | 15304 ||| Stepping ~*~*~tactically~*~*~ (outnumbered).
 15307 | D:14     | 15307 ||| Stepping ~*~*~tactically~*~*~ (outnumbered).
 15308 | D:14     | 15308 ||| Stepping ~*~*~tactically~*~*~ (outnumbered).
 15310 | D:14     | 15310 ||| Stepping ~*~*~tactically~*~*~ (outnumbered).
 15312 | D:14     | 15312 ||| Stepping ~*~*~tactically~*~*~ (outnumbered).
 15464 | D:14     | 15464 ||| Stepping ~*~*~tactically~*~*~ (outnumbered).
 15466 | D:14     | 15466 ||| Stepping ~*~*~tactically~*~*~ (outnumbered).
 15468 | D:14     | 15468 ||| Stepping ~*~*~tactically~*~*~ (outnumbered).
 15470 | D:14     | 15470 ||| Stepping ~*~*~tactically~*~*~ (outnumbered).
 15472 | D:14     | 15472 ||| Stepping ~*~*~tactically~*~*~ (outnumbered).
 15474 | D:14     | 15474 ||| Stepping ~*~*~tactically~*~*~ (outnumbered).
 15477 | D:14     | 15477 ||| Stepping ~*~*~tactically~*~*~ (outnumbered).
 15478 | D:14     | 15478 ||| Stepping ~*~*~tactically~*~*~ (outnumbered).
 15479 | D:14     | 15479 ||| Stepping ~*~*~tactically~*~*~ (outnumbered).
 15480 | D:14     | 15480 ||| Stepping ~*~*~tactically~*~*~ (outnumbered).
 15481 | D:14     | 15481 ||| Stepping ~*~*~tactically~*~*~ (outnumbered).
 15482 | D:14     | 15482 ||| Stepping ~*~*~tactically~*~*~ (outnumbered).
 15560 | D:14     | Reached skill level 13 in Fighting
 15569 | D:14     | 15569 ||| INVOKING Heroism.
 15899 | D:14     | 15899 ||| READING 16 scrolls of identify.
 15899 | D:14     | 15899 ||| IDENTIFYING white potion
 15900 | D:14     | 15900 ||| DROPPING potion of brilliance.
 15944 | D:15     | Entered Level 15 of the Dungeon
 16016 | D:15     | 16016 ||| RETREATING.
 16030 | D:15     | 16030 ||| INVOKING Heroism.
 16056 | D:15     | Received a gift from Okawaru
 16106 | D:15     | 16106 ||| Stepping ~*~*~tactically~*~*~ (outnumbered).
 16107 | D:15     | 16107 ||| Stepping ~*~*~tactically~*~*~ (outnumbered).
 16112 | D:15     | Received a gift from Okawaru
 16145 | D:15     | Noticed Rupert
 16148 | D:15     | 16148 ||| INVOKING Heroism.
 16149 | D:15     | 16149 ||| INVOKING Finesse.
 16153 | D:15     | Killed Rupert
 16386 | D:15     | 16386 ||| RETREATING.
 16503 | D:15     | 16503 ||| INVOKING Heroism.
 16521 | D:15     | Found a staircase to the Depths.
 16548 | D:15     | 16548 ||| PLANNING ORC
 16759 | Orc:1    | Entered Level 1 of the Orcish Mines
 16760 | Orc:1    | 16760 ||| STAIRDANCE
 16765 | Orc:1    | 16765 ||| STAIRDANCE
 16773 | Orc:1    | 16773 ||| STAIRDANCE
 16775 | D:9      | 16775 ||| INVOKING Heroism.
 16788 | Orc:1    | 16788 ||| STAIRDANCE
 16824 | Orc:1    | Found Juotrori's Assorted Antiques.
 16834 | Orc:1    | 16834 ||| BUYING cloak (144 gold).
 16834 | Orc:1    | Bought a cloak for 144 gold pieces
 16834 | Orc:1    | 16834 ||| BUYING potion of magic (256 gold).
 16834 | Orc:1    | Bought a potion of magic for 256 gold pieces
 16843 | Orc:1    | 16843 ||| INVOKING Heroism.
 16921 | Orc:1    | 16921 ||| Stepping ~*~*~tactically~*~*~ (outnumbered).
 16924 | Orc:1    | 16924 ||| INVOKING Heroism.
 17119 | Orc:2    | Entered Level 2 of the Orcish Mines
 17153 | Orc:2    | Found a staircase to the Elven Halls.
 17171 | Orc:2    | 17171 ||| Stepping ~*~*~tactically~*~*~ (outnumbered).
 17218 | Orc:2    | Found Tavah's Antique Weapon Shoppe.
 17358 | Orc:1    | Reached XP level 16. HP: 104/104 MP: 23/23
 17374 | Orc:1    | 17374 ||| INVOKING Heroism.
 17485 | Orc:2    | 17485 ||| Stepping ~*~*~tactically~*~*~ (outnumbered).
 17487 | Orc:2    | 17487 ||| Stepping ~*~*~tactically~*~*~ (outnumbered).
 17489 | Orc:2    | 17489 ||| Stepping ~*~*~tactically~*~*~ (outnumbered).
 17491 | Orc:2    | 17491 ||| Stepping ~*~*~tactically~*~*~ (outnumbered).
 17496 | Orc:2    | 17496 ||| Stepping ~*~*~tactically~*~*~ (outnumbered).
 17500 | Orc:2    | 17500 ||| Stepping ~*~*~tactically~*~*~ (outnumbered).
 17504 | Orc:2    | 17504 ||| Stepping ~*~*~tactically~*~*~ (outnumbered).
 17520 | Orc:2    | 17520 ||| FLEEEEING.
 17523 | Orc:2    | 17523 ||| Stepping ~*~*~tactically~*~*~ (retreating).
 17524 | Orc:2    | 17524 ||| Stepping ~*~*~tactically~*~*~ (retreating).
 17525 | Orc:2    | 17525 ||| Stepping ~*~*~tactically~*~*~ (retreating).
 17526 | Orc:2    | 17526 ||| Stepping ~*~*~tactically~*~*~ (retreating).
 17527 | Orc:2    | 17527 ||| Stepping ~*~*~tactically~*~*~ (retreating).
 17528 | Orc:2    | 17528 ||| Stepping ~*~*~tactically~*~*~ (retreating).
 17529 | Orc:2    | 17529 ||| Stepping ~*~*~tactically~*~*~ (retreating).
 17530 | Orc:2    | 17530 ||| Stepping ~*~*~tactically~*~*~ (retreating).
 17538 | Orc:2    | 17538 ||| Stepping ~*~*~tactically~*~*~ (outnumbered).
 17598 | Orc:2    | Noticed Saint Roka
 17599 | Orc:2    | 17599 ||| INVOKING Heroism.
 17600 | Orc:2    | 17600 ||| Stepping ~*~*~tactically~*~*~ (outnumbered).
 17604 | Orc:2    | 17604 ||| INVOKING Finesse.
 17605 | Orc:2    | 17605 ||| INVOKING Finesse.
 17606 | Orc:2    | 17606 ||| RETREATING.
 17622 | Orc:2    | HP: 24/105 [Saint Roka/+2 great sword (36)]
 17623 | Orc:2    | 17623 ||| READING 6 scrolls of teleportation.
 17624 | Orc:2    | 17624 ||| DRINKING 4 potions of heal wounds.
 17702 | Orc:2    | 17702 ||| INVOKING Heroism.
 17703 | Orc:2    | 17703 ||| INVOKING Finesse.
 17707 | Orc:2    | Killed Saint Roka
 17708 | Orc:2    | Reached skill level 14 in Fighting
 17817 | Orc:2    | Found Totrep's Assorted Antiques.
 17817 | Orc:2    | Found Atoihats's Jewellery Emporium.
 17817 | Orc:2    | Found Wuanal's Jewellery Shoppe.
 17820 | Orc:2    | Found Fankedu's Book Shop.
 17824 | Orc:2    | 17824 ||| BUYING scroll of enchant weapon (255 gold).
 17824 | Orc:2    | Bought a scroll of enchant weapon for 255 gold pieces
 17824 | Orc:2    | 17824 ||| READING scroll of enchant weapon.
 17824 | Orc:2    | 17824 ||| ENCHANTING +3 triple crossbow of freezing.
 18053 | Orc:2    | 18053 ||| PLANNING SPIDER:1-3
 18246 | Spider:1 | Entered Level 1 of the Spider Nest
 18248 | Spider:1 | 18248 ||| STAIRDANCE
 18255 | Spider:1 | 18255 ||| STAIRDANCE
 18277 | Spider:1 | 18277 ||| Stepping ~*~*~tactically~*~*~ (retreating).
 18301 | Spider:1 | 18301 ||| FLEEEEING.
 18302 | Spider:1 | 18302 ||| FLEEEEING.
 18303 | Spider:1 | 18303 ||| FLEEEEING.
 18304 | Spider:1 | 18304 ||| FLEEEEING.
 18337 | Spider:1 | 18337 ||| RETREATING.
 18339 | Spider:1 | 18339 ||| RETREATING.
 18340 | Spider:1 | 18340 ||| INVOKING Heroism.
 18343 | Spider:1 | 18343 ||| INVOKING Finesse.
 18352 | Spider:1 | 18352 ||| Stepping ~*~*~tactically~*~*~ (outnumbered).
 18429 | Spider:1 | 18429 ||| DRINKING 3 potions of curing.
 18429 | Spider:1 | 18429 ||| (to cure confusion)
 18595 | Spider:1 | Identified the +3 arbalest of the Endless March {drain,
                  | rPois} (Okawaru gifted it to you on level 1 of the Spider
                  | Nest)
 18595 | Spider:1 | Received a gift from Okawaru
 19055 | Spider:2 | Noticed Agnes
 19056 | Spider:2 | 19056 ||| INVOKING Heroism.
 19058 | Spider:2 | 19058 ||| INVOKING Finesse.
 19063 | Spider:2 | Killed Agnes
 19143 | Spider:2 | 19143 ||| RETREATING.
 19146 | Spider:2 | Reached skill level 21 in Ranged Weapons
 19148 | Spider:2 | 19148 ||| DRINKING 2 potions of curing.
 19148 | Spider:2 | 19148 ||| (to cure confusion)
 19150 | Spider:2 | 19150 ||| INVOKING Heroism.
 19216 | Spider:2 | 19216 ||| Stepping randomly (disturbance).
 19217 | Spider:2 | 19217 ||| Stepping randomly (disturbance).
 19218 | Spider:2 | 19218 ||| Stepping randomly (disturbance).
 19223 | Spider:2 | 19223 ||| Stepping randomly (disturbance).
 19224 | Spider:2 | 19224 ||| Stepping randomly (disturbance).
 19226 | Spider:2 | 19226 ||| Stepping randomly (disturbance).
 19229 | Spider:2 | 19229 ||| RETREATING.
 19233 | Spider:2 | 19233 ||| Stepping ~*~*~tactically~*~*~ (retreating).
 19234 | Spider:2 | 19234 ||| Stepping ~*~*~tactically~*~*~ (retreating).
 19235 | Spider:2 | 19235 ||| Stepping ~*~*~tactically~*~*~ (retreating).
 19236 | Spider:2 | 19236 ||| Stepping ~*~*~tactically~*~*~ (retreating).
 19237 | Spider:2 | 19237 ||| Stepping ~*~*~tactically~*~*~ (retreating).
 19238 | Spider:2 | 19238 ||| Stepping ~*~*~tactically~*~*~ (retreating).
 19239 | Spider:2 | 19239 ||| Stepping ~*~*~tactically~*~*~ (retreating).
 19240 | Spider:2 | 19240 ||| Stepping ~*~*~tactically~*~*~ (retreating).
 19249 | Spider:2 | HP: 26/106 [something (9)]
 19250 | Spider:2 | 19250 ||| READING 5 scrolls of teleportation.
 19251 | Spider:2 | 19251 ||| DRINKING 3 potions of heal wounds.
 19252 | Spider:2 | HP: 11/106 [something (10)]
 19253 | Spider:2 | 19253 ||| DRINKING 2 potions of heal wounds.
 19348 | Spider:2 | 19348 ||| Stepping randomly (disturbance).
 19349 | Spider:2 | 19349 ||| Stepping randomly (disturbance).
 19350 | Spider:2 | 19350 ||| Stepping randomly (disturbance).
 19576 | Spider:2 | Noticed Frances
 19577 | Spider:2 | 19577 ||| INVOKING Heroism.
 19578 | Spider:2 | 19578 ||| INVOKING Finesse.
 19581 | Spider:2 | Killed Frances
 19636 | Spider:2 | 19636 ||| RETREATING.
 19799 | Spider:2 | 19799 ||| INVOKING Heroism.
 19800 | Spider:2 | 19800 ||| Stepping ~*~*~tactically~*~*~ (outnumbered).
 19943 | Spider:3 | Reached skill level 15 in Fighting
 20016 | Spider:3 | 20016 ||| INVOKING Finesse.
 20084 | Spider:3 | 20084 ||| Stepping randomly (disturbance).
 20085 | Spider:3 | 20085 ||| Stepping randomly (disturbance).
 20086 | Spider:3 | 20086 ||| Stepping randomly (disturbance).
 20087 | Spider:3 | 20087 ||| Stepping randomly (disturbance).
 20088 | Spider:3 | 20088 ||| Stepping randomly (disturbance).
 20099 | Spider:3 | 20099 ||| INVOKING Finesse.
 20119 | Spider:3 | Reached XP level 17. HP: 87/113 MP: 1/24
 20361 | Spider:3 | 20361 ||| Stepping ~*~*~tactically~*~*~ (outnumbered).
 20363 | Spider:3 | 20363 ||| INVOKING Finesse.
 20404 | Spider:3 | 20404 ||| INVOKING Heroism.
 20671 | Spider:3 | 20671 ||| PLANNING SHOALS:1-3
 20671 | Spider:3 | 20671 ||| DROPPING +0 pair of boots of rampaging.
 20775 | Shoals:1 | Entered Level 1 of the Shoals
 20777 | Shoals:1 | 20777 ||| STAIRDANCE
 20782 | Shoals:1 | 20782 ||| RETREATING.
 20786 | Shoals:1 | 20786 ||| Stepping ~*~*~tactically~*~*~ (outnumbered).
 20787 | Shoals:1 | 20787 ||| Stepping ~*~*~tactically~*~*~ (outnumbered).
 20788 | Shoals:1 | 20788 ||| Stepping ~*~*~tactically~*~*~ (outnumbered).
 20806 | Shoals:1 | 20806 ||| Stepping ~*~*~tactically~*~*~ (outnumbered).
 20808 | Shoals:1 | 20808 ||| RETREATING.
 20874 | Shoals:1 | Noticed Jorgrun
 20879 | Shoals:1 | Killed Jorgrun
 20886 | Shoals:1 | 20886 ||| INVOKING Heroism.
 20946 | Shoals:1 | 20946 ||| INVOKING Heroism.
 20955 | Shoals:1 | Received a gift from Okawaru
 20957 | Shoals:1 | 20957 ||| DROPPING +2 triple crossbow of draining.
 20971 | Shoals:1 | 20971 ||| INVOKING Heroism.
 20974 | Shoals:1 | Reached skill level 12 in Dodging
 21156 | Shoals:1 | Reached skill level 6 in Armour
 21588 | Shoals:2 | 21588 ||| Stepping ~*~*~tactically~*~*~ (outnumbered).
 21589 | Shoals:2 | 21589 ||| Stepping ~*~*~tactically~*~*~ (outnumbered).
 21591 | Shoals:2 | 21591 ||| Stepping ~*~*~tactically~*~*~ (outnumbered).
 21744 | Shoals:2 | Noticed a kraken
 21756 | Shoals:2 | 21756 ||| INVOKING Heroism.
 21758 | Shoals:2 | Killed a kraken
 21806 | Shoals:2 | 21806 ||| INVOKING Heroism.
 21807 | Shoals:2 | 21807 ||| INVOKING Finesse.
 21879 | Shoals:2 | 21879 ||| INVOKING Heroism.
 21886 | Shoals:2 | 21886 ||| Stepping ~*~*~tactically~*~*~ (outnumbered).
 21887 | Shoals:2 | 21887 ||| Stepping ~*~*~tactically~*~*~ (outnumbered).
 21889 | Shoals:2 | 21889 ||| Stepping ~*~*~tactically~*~*~ (outnumbered).
 21891 | Shoals:2 | 21891 ||| Stepping ~*~*~tactically~*~*~ (outnumbered).
 21893 | Shoals:2 | 21893 ||| Stepping ~*~*~tactically~*~*~ (outnumbered).
 21897 | Shoals:2 | 21897 ||| Stepping ~*~*~tactically~*~*~ (outnumbered).
 21901 | Shoals:2 | Reached skill level 16 in Fighting
 21951 | Shoals:2 | 21951 ||| Stepping ~*~*~tactically~*~*~ (outnumbered).
 21952 | Shoals:2 | 21952 ||| Stepping ~*~*~tactically~*~*~ (outnumbered).
 21962 | Shoals:2 | 21962 ||| RETREATING.
 22076 | Shoals:2 | 22076 ||| FLEEEEING.
 22091 | Shoals:2 | Noticed a kraken
 22101 | Shoals:2 | Killed a kraken
 22518 | Shoals:3 | Identified the +6 whip of Eruurgh {freeze, rF+ SInv}
 22532 | Shoals:3 | 22532 ||| INVOKING Heroism.
 22578 | Shoals:3 | 22578 ||| INVOKING Heroism.
 22713 | Shoals:3 | 22713 ||| INVOKING Heroism.
 22797 | Shoals:3 | 22797 ||| Stepping ~*~*~tactically~*~*~ (outnumbered).
 22801 | Shoals:3 | 22801 ||| Stepping ~*~*~tactically~*~*~ (outnumbered).
 22802 | Shoals:3 | 22802 ||| Stepping ~*~*~tactically~*~*~ (outnumbered).
 22806 | Shoals:3 | 22806 ||| Stepping ~*~*~tactically~*~*~ (outnumbered).
 22957 | Shoals:3 | 22957 ||| FLEEEEING.
 22958 | Shoals:3 | 22958 ||| FLEEEEING.
 22959 | Shoals:3 | 22959 ||| FLEEEEING.
 22960 | Shoals:3 | 22960 ||| FLEEEEING.
 22961 | Shoals:3 | 22961 ||| FLEEEEING.
 22962 | Shoals:3 | 22962 ||| FLEEEEING.
 23121 | Shoals:3 | 23121 ||| PLANNING SPIDER:4
 23121 | Shoals:3 | 23121 ||| DROPPING +1 pair of boots.
 23257 | Spider:4 | Entered Level 4 of the Spider Nest
 23258 | Spider:4 | 23258 ||| INVOKING Finesse.
 23293 | Spider:4 | 23293 ||| RETREATING.
 23302 | Spider:4 | Reached XP level 18. HP: 120/120 MP: 25/25
 23311 | Spider:4 | 23311 ||| INVOKING Heroism.
 23395 | Spider:4 | 23395 ||| INVOKING Heroism.
 23488 | Spider:4 | 23488 ||| Stepping ~*~*~tactically~*~*~ (retreating).
 23489 | Spider:4 | 23489 ||| RETREATING.
 23581 | Spider:4 | Identified the +0 helmet of Honesty {Regen+} (Okawaru
                  | gifted it to you on level 4 of the Spider Nest)
 23581 | Spider:4 | Received a gift from Okawaru
 23639 | Spider:4 | 23639 ||| INVOKING Heroism.
 23674 | Spider:4 | 23674 ||| INVOKING Heroism.
 23700 | Spider:4 | Reached skill level 17 in Fighting
 23749 | Spider:4 | 23749 ||| RETREATING.
 23754 | Spider:4 | 23754 ||| Stepping ~*~*~tactically~*~*~ (retreating).
 23755 | Spider:4 | 23755 ||| Stepping ~*~*~tactically~*~*~ (retreating).
 23756 | Spider:4 | 23756 ||| Stepping ~*~*~tactically~*~*~ (retreating).
 23757 | Spider:4 | 23757 ||| INVOKING Heroism.
 23825 | Spider:4 | 23825 ||| RETREATING.
 23832 | Spider:4 | 23832 ||| FLEEEEING.
 23833 | Spider:4 | 23833 ||| FLEEEEING.
 23834 | Spider:4 | 23834 ||| FLEEEEING.
 23865 | Spider:4 | 23865 ||| Stepping ~*~*~tactically~*~*~ (outnumbered).
 24019 | Spider:4 | 24019 ||| FLEEEEING.
 24041 | Spider:4 | 24041 ||| Stepping ~*~*~tactically~*~*~ (retreating).
 24042 | Spider:4 | 24042 ||| Stepping ~*~*~tactically~*~*~ (retreating).
 24043 | Spider:4 | 24043 ||| Stepping ~*~*~tactically~*~*~ (retreating).
 24044 | Spider:4 | 24044 ||| Stepping ~*~*~tactically~*~*~ (retreating).
 24045 | Spider:4 | 24045 ||| Stepping ~*~*~tactically~*~*~ (retreating).
 24046 | Spider:4 | 24046 ||| INVOKING Heroism.
 24064 | Spider:4 | 24064 ||| Stepping ~*~*~tactically~*~*~ (outnumbered).
 24071 | Spider:4 | HP: 29/123 [ghost moth (11)]
 24072 | Spider:4 | 24072 ||| READING 6 scrolls of teleportation.
 24073 | Spider:4 | 24073 ||| DRINKING potion of heal wounds.
 24256 | Spider:4 | 24256 ||| INVOKING Heroism.
 24294 | Spider:4 | Got a gossamer rune of Zot
 24447 | Spider:4 | 24447 ||| Stepping randomly (disturbance).
 24448 | Spider:4 | 24448 ||| Stepping randomly (disturbance).
 24449 | Spider:4 | 24449 ||| Stepping randomly (disturbance).
 24450 | Spider:4 | 24450 ||| Stepping randomly (disturbance).
 24600 | Spider:4 | 24600 ||| PLANNING VAULTS:1-4
 24600 | Spider:4 | 24600 ||| UPGRADING to +0 helmet of Honesty {Regen+}.
 24610 | Spider:4 | 24610 ||| DROPPING +1 helmet of Gestures {Fly rElec Str+4}.
 24754 | Vaults:1 | Entered Level 1 of the Vaults
 24772 | Vaults:1 | 24772 ||| RETREATING.
 24773 | Vaults:1 | 24773 ||| Stepping ~*~*~tactically~*~*~ (retreating).
 24774 | Vaults:1 | 24774 ||| Stepping ~*~*~tactically~*~*~ (retreating).
 24775 | Vaults:1 | 24775 ||| Stepping ~*~*~tactically~*~*~ (retreating).
 24776 | Vaults:1 | 24776 ||| Stepping ~*~*~tactically~*~*~ (retreating).
 24777 | Vaults:1 | 24777 ||| Stepping ~*~*~tactically~*~*~ (retreating).
 24792 | Vaults:1 | 24792 ||| INVOKING Heroism.
 25075 | Vaults:1 | 25075 ||| RETREATING.
 25126 | Vaults:1 | 25126 ||| RETREATING.
 25149 | Vaults:1 | 25149 ||| Stepping ~*~*~tactically~*~*~ (retreating).
 25205 | Vaults:1 | Reached skill level 18 in Fighting
 25244 | Vaults:1 | Found a runed translucent door.
 25244 | Vaults:1 | Noticed qw's ghost (adept GrHu)
 25307 | Vaults:1 | 25307 ||| READING scroll of acquirement.
 25307 | Vaults:1 | 25307 ||| ACQUIRING 809 gold pieces
 25307 | Vaults:1 | Acquired 809 gold pieces
 25313 | Vaults:1 | Identified the +2 chain mail of Bad Feelings {rPois Regen+}
 25332 | Vaults:1 | 25332 ||| RETREATING.
 25762 | Vaults:1 | 25762 ||| RETREATING.
 26053 | Vaults:2 | 26053 ||| STAIRDANCE
 26096 | Vaults:2 | 26096 ||| STAIRDANCE
 26100 | Vaults:1 | Reached XP level 19. HP: 129/130 MP: 26/26
 26144 | Vaults:2 | 26144 ||| STAIRDANCE
 26195 | Vaults:2 | 26195 ||| STAIRDANCE
 26242 | Vaults:2 | 26242 ||| STAIRDANCE
 26299 | Vaults:2 | 26299 ||| FLEEEEING.
 26302 | Vaults:2 | 26302 ||| STAIRDANCE
 26442 | Vaults:2 | 26442 ||| STAIRDANCE
 26583 | Vaults:2 | 26583 ||| STAIRDANCE
 26724 | Vaults:2 | 26724 ||| STAIRDANCE
 26864 | Vaults:2 | 26864 ||| STAIRDANCE
 27004 | Vaults:2 | 27004 ||| STAIRDANCE
 27153 | Vaults:2 | 27153 ||| STAIRDANCE
 27196 | Vaults:2 | 27196 ||| STAIRDANCE
 27243 | Vaults:2 | 27243 ||| STAIRDANCE
 27286 | Vaults:2 | 27286 ||| STAIRDANCE
 27289 | Vaults:1 | Reached skill level 15 in Dodging
 27329 | Vaults:2 | Received a gift from Okawaru
 27357 | Vaults:2 | Found Usodymuiss's General Store.
 27363 | Vaults:2 | 27363 ||| BUYING scroll of brand weapon (133 gold).
 27363 | Vaults:2 | Bought a scroll of brand weapon for 133 gold pieces
 27363 | Vaults:2 | 27363 ||| READING scroll of brand weapon.
 27363 | Vaults:2 | 27363 ||| BRANDING +4 triple crossbow of freezing.
 27442 | Vaults:2 | Found a staircase to the Crypt.
 27520 | Vaults:2 | 27520 ||| RETREATING.
 27638 | Vaults:2 | 27638 ||| FLEEEEING.
 27639 | Vaults:2 | 27639 ||| FLEEEEING.
 27640 | Vaults:2 | 27640 ||| RETREATING.
 27643 | Vaults:2 | 27643 ||| FLEEEEING.
 27644 | Vaults:2 | 27644 ||| FLEEEEING.
 27651 | Vaults:2 | 27651 ||| INVOKING Heroism.
 27670 | Vaults:2 | 27670 ||| INVOKING Heroism.
 28097 | Vaults:2 | Received a gift from Okawaru
 28180 | Vaults:2 | Reached skill level 19 in Fighting
 28184 | Vaults:2 | 28184 ||| RETREATING.
 28195 | Vaults:2 | 28195 ||| INVOKING Heroism.
 28196 | Vaults:2 | 28196 ||| INVOKING Finesse.
 28599 | Vaults:2 | Found Ovies's Armour Shop.
 28600 | Vaults:2 | 28600 ||| RETREATING.
 29154 | Vaults:2 | 29154 ||| RETREATING.
 29157 | Vaults:2 | 29157 ||| INVOKING Heroism.
 29158 | Vaults:2 | 29158 ||| INVOKING Finesse.
 29159 | Vaults:2 | 29159 ||| INVOKING Finesse.
 29618 | Vaults:3 | Identified the +3 long sword of Midwinter {flame, rF+++
                  | Str+5 Int-4}
 29627 | Vaults:3 | 29627 ||| INVOKING Heroism.
 29628 | Vaults:3 | 29628 ||| INVOKING Finesse.
 29728 | Vaults:3 | 29728 ||| INVOKING Heroism.
 29729 | Vaults:3 | 29729 ||| INVOKING Finesse.
 29806 | Vaults:3 | 29806 ||| RETREATING.
 29811 | Vaults:3 | 29811 ||| INVOKING Heroism.
 29844 | Vaults:3 | 29844 ||| RETREATING.
 29846 | Vaults:3 | 29846 ||| Stepping ~*~*~tactically~*~*~ (retreating).
 29847 | Vaults:3 | 29847 ||| Stepping ~*~*~tactically~*~*~ (retreating).
 29848 | Vaults:3 | 29848 ||| Stepping ~*~*~tactically~*~*~ (retreating).
 29849 | Vaults:3 | 29849 ||| Stepping ~*~*~tactically~*~*~ (retreating).
 29850 | Vaults:3 | 29850 ||| Stepping ~*~*~tactically~*~*~ (retreating).
 29851 | Vaults:3 | 29851 ||| Stepping ~*~*~tactically~*~*~ (retreating).
 29852 | Vaults:3 | 29852 ||| Stepping ~*~*~tactically~*~*~ (retreating).
 29853 | Vaults:3 | 29853 ||| Stepping ~*~*~tactically~*~*~ (retreating).
 29854 | Vaults:3 | 29854 ||| Stepping ~*~*~tactically~*~*~ (retreating).
 29859 | Vaults:3 | 29859 ||| Stepping ~*~*~tactically~*~*~ (outnumbered).
 29948 | Vaults:3 | 29948 ||| Stepping ~*~*~tactically~*~*~ (outnumbered).
 29958 | Vaults:3 | Identified the +9 plate armour "Muno" {*Corrode rElec
                  | Int+3} (Okawaru gifted it to you on level 3 of the Vaults)
 29958 | Vaults:3 | Received a gift from Okawaru
 30043 | Vaults:3 | 30043 ||| FLEEEEING.
 30048 | Vaults:3 | 30048 ||| FLEEEEING.
 30061 | Vaults:3 | 30061 ||| RETREATING.
 30124 | Vaults:3 | 30124 ||| RETREATING.
 30125 | Vaults:3 | 30125 ||| Stepping ~*~*~tactically~*~*~ (retreating).
 30126 | Vaults:3 | 30126 ||| Stepping ~*~*~tactically~*~*~ (retreating).
 30128 | Vaults:3 | 30128 ||| Stepping ~*~*~tactically~*~*~ (retreating).
 30129 | Vaults:3 | 30129 ||| Stepping ~*~*~tactically~*~*~ (retreating).
 30130 | Vaults:3 | 30130 ||| Stepping ~*~*~tactically~*~*~ (retreating).
 30139 | Vaults:3 | 30139 ||| INVOKING Heroism.
 30141 | Vaults:3 | Reached XP level 20. HP: 72/140 MP: 24/27
 30156 | Vaults:3 | 30156 ||| INVOKING Heroism.
 30160 | Vaults:3 | Reached skill level 20 in Fighting
 30164 | Vaults:3 | HP: 33/140 [vault guard/+3 battleaxe (11)]
 30165 | Vaults:3 | 30165 ||| READING 6 scrolls of teleportation.
 30170 | Vaults:3 | 30170 ||| FLEEEEING.
 30171 | Vaults:3 | 30171 ||| FLEEEEING.
 30478 | Vaults:3 | 30478 ||| INVOKING Finesse.
 30608 | Vaults:3 | 30608 ||| READING 3 scrolls of acquirement.
 30608 | Vaults:3 | 30608 ||| ACQUIRING 990 gold pieces
 30608 | Vaults:3 | Acquired 990 gold pieces
 30610 | Vaults:3 | 30610 ||| READING 2 scrolls of acquirement.
 30610 | Vaults:3 | 30610 ||| ACQUIRING +1 helmet of Fortification {+Inv Will+
                  | Regen+ Str-5}
 30610 | Vaults:3 | Acquired the +1 helmet of Fortification {+Inv Will+ Regen+
                  | Str-5}
 30612 | Vaults:3 | 30612 ||| UPGRADING to +1 helmet of Fortification {+Inv
                  | Will+ Regen+ Str-5}.
 30622 | Vaults:3 | 30622 ||| DROPPING +0 helmet of Honesty {Regen+}.
 30623 | Vaults:3 | 30623 ||| READING scroll of acquirement.
 30623 | Vaults:3 | 30623 ||| ACQUIRING 681 gold pieces
 30623 | Vaults:3 | Acquired 681 gold pieces
 30726 | Vaults:3 | Found a portal to a secret trove of treasure.
 30802 | Vaults:4 | 30802 ||| FLEEEEING.
 30803 | Vaults:4 | 30803 ||| FLEEEEING.
 30810 | Vaults:4 | 30810 ||| FLEEEEING.
 30811 | Vaults:4 | 30811 ||| FLEEEEING.
 30812 | Vaults:4 | 30812 ||| STAIRDANCE
 30871 | Vaults:4 | 30871 ||| FLEEEEING.
 30873 | Vaults:4 | 30873 ||| FLEEEEING.
 30875 | Vaults:4 | 30875 ||| FLEEEEING.
 30876 | Vaults:4 | 30876 ||| FLEEEEING.
 31327 | Vaults:4 | 31327 ||| RETREATING.
 31335 | Vaults:4 | 31335 ||| Stepping ~*~*~tactically~*~*~ (retreating).
 31336 | Vaults:4 | 31336 ||| Stepping ~*~*~tactically~*~*~ (retreating).
 31509 | Vaults:4 | 31509 ||| INVOKING Heroism.
 31563 | Vaults:4 | 31563 ||| Stepping ~*~*~tactically~*~*~ (outnumbered).
 31564 | Vaults:4 | 31564 ||| Stepping ~*~*~tactically~*~*~ (outnumbered).
 31567 | Vaults:4 | 31567 ||| Stepping ~*~*~tactically~*~*~ (outnumbered).
 31691 | Vaults:4 | 31691 ||| RETREATING.
 31708 | Vaults:4 | 31708 ||| Stepping ~*~*~tactically~*~*~ (outnumbered).
 31710 | Vaults:4 | 31710 ||| Stepping ~*~*~tactically~*~*~ (outnumbered).
 31714 | Vaults:4 | 31714 ||| Stepping ~*~*~tactically~*~*~ (outnumbered).
 31715 | Vaults:4 | 31715 ||| Stepping ~*~*~tactically~*~*~ (outnumbered).
 31716 | Vaults:4 | 31716 ||| Stepping ~*~*~tactically~*~*~ (outnumbered).
 31811 | Vaults:4 | 31811 ||| Stepping ~*~*~tactically~*~*~ (retreating).
 31813 | Vaults:4 | 31813 ||| Stepping ~*~*~tactically~*~*~ (retreating).
 31814 | Vaults:4 | 31814 ||| RETREATING.
 31817 | Vaults:4 | 31817 ||| Stepping ~*~*~tactically~*~*~ (retreating).
 31826 | Vaults:4 | 31826 ||| INVOKING Heroism.
 31945 | Vaults:4 | 31945 ||| PLANNING SHOALS:4
 32224 | Shoals:4 | Entered Level 4 of the Shoals
 32239 | Shoals:4 | 32239 ||| RETREATING.
 32240 | Shoals:4 | Noticed Polyphemus
 32240 | Shoals:4 | 32240 ||| Stepping ~*~*~tactically~*~*~ (outnumbered).
 32241 | Shoals:4 | 32241 ||| Stepping ~*~*~tactically~*~*~ (outnumbered).
 32252 | Shoals:4 | Killed Polyphemus
 32342 | Shoals:4 | 32342 ||| INVOKING Heroism.
 32343 | Shoals:4 | 32343 ||| INVOKING Finesse.
 32345 | Shoals:4 | 32345 ||| Stepping ~*~*~tactically~*~*~ (outnumbered).
 32480 | Shoals:4 | Reached skill level 21 in Fighting
 32483 | Shoals:4 | Found the +5 moon troll leather armour {Spirit, Regen++
                  | MP+5}
 32509 | Shoals:4 | 32509 ||| Stepping ~*~*~tactically~*~*~ (outnumbered).
 32511 | Shoals:4 | 32511 ||| Stepping ~*~*~tactically~*~*~ (outnumbered).
 32513 | Shoals:4 | 32513 ||| INVOKING Heroism.
 32514 | Shoals:4 | 32514 ||| INVOKING Finesse.
 32627 | Shoals:4 | 32627 ||| RETREATING.
 32628 | Shoals:4 | 32628 ||| Stepping ~*~*~tactically~*~*~ (outnumbered).
 32708 | Shoals:4 | 32708 ||| INVOKING Heroism.
 32712 | Shoals:4 | 32712 ||| Stepping ~*~*~tactically~*~*~ (retreating).
 32719 | Shoals:4 | Reached skill level 9 in Armour
 32726 | Shoals:4 | 32726 ||| INVOKING Finesse.
 32734 | Shoals:4 | 32734 ||| INVOKING Heroism.
 32788 | Shoals:4 | Got a barnacled rune of Zot
 33131 | Shoals:4 | 33131 ||| PLANNING DEPTHS
 33131 | Shoals:4 | 33131 ||| DROPPING +1 hat.
 33431 | Depths:1 | Entered Level 1 of the Depths
 33528 | Depths:1 | Found a basalt altar of Yredelemnul.
 33603 | Depths:1 | 33603 ||| INVOKING Finesse.
 33716 | Depths:1 | Reached XP level 21. HP: 148/148 MP: 28/28
 33772 | Depths:1 | 33772 ||| INVOKING Finesse.
 33825 | Depths:1 | Identified the ring of Yfywonto {Ice *Corrode rElec Str+5
                  | SInv}
 33904 | Depths:1 | Found a one-way gate to the infinite horrors of the Abyss.
 34211 | Depths:1 | Found a gateway to Hell.
 34307 | Depths:1 | 34307 ||| Stepping ~*~*~tactically~*~*~ (retreating).
 34308 | Depths:1 | 34308 ||| Stepping ~*~*~tactically~*~*~ (retreating).
 34309 | Depths:1 | 34309 ||| RETREATING.
 34319 | Depths:1 | 34319 ||| DROPPING ring of Yfywonto {Ice *Corrode rElec
                  | Str+5 SInv}.
 34328 | Depths:2 | 34328 ||| STAIRDANCE
 34373 | Depths:2 | 34373 ||| RETREATING.
 34394 | Depths:2 | 34394 ||| Stepping ~*~*~tactically~*~*~ (retreating).
 34395 | Depths:2 | 34395 ||| Stepping ~*~*~tactically~*~*~ (retreating).
 34396 | Depths:2 | 34396 ||| Stepping ~*~*~tactically~*~*~ (retreating).
 34397 | Depths:2 | 34397 ||| Stepping ~*~*~tactically~*~*~ (retreating).
 34404 | Depths:2 | Reached skill level 18 in Dodging
 34429 | Depths:2 | Noticed Bai Suzhen
 34434 | Depths:2 | 34434 ||| Stepping ~*~*~tactically~*~*~ (retreating).
 34437 | Depths:2 | Killed Bai Suzhen
 34449 | Depths:2 | Found a one-way gate leading to the halls of Pandemonium.
 34489 | Depths:2 | Identified the +1 leather armour of Freedom {-Tele *Slow
                  | rPois Str+8}
 34498 | Depths:2 | 34498 ||| INVOKING Heroism.
 34499 | Depths:2 | 34499 ||| INVOKING Finesse.
 34576 | Depths:2 | 34576 ||| INVOKING Heroism.
 34633 | Depths:2 | 34633 ||| RETREATING.
 34638 | Depths:2 | 34638 ||| Stepping ~*~*~tactically~*~*~ (retreating).
 34639 | Depths:2 | 34639 ||| Stepping ~*~*~tactically~*~*~ (retreating).
 34640 | Depths:2 | 34640 ||| Stepping ~*~*~tactically~*~*~ (retreating).
 34648 | Depths:2 | 34648 ||| INVOKING Heroism.
 34674 | Depths:2 | 34674 ||| RETREATING.
 34688 | Depths:2 | 34688 ||| Stepping ~*~*~tactically~*~*~ (retreating).
 34691 | Depths:2 | Reached skill level 22 in Fighting
 34719 | Depths:2 | 34719 ||| RETREATING.
 34731 | Depths:2 | 34731 ||| INVOKING Heroism.
 34732 | Depths:2 | 34732 ||| INVOKING Finesse.
 34733 | Depths:2 | 34733 ||| Stepping ~*~*~tactically~*~*~ (outnumbered).
 34734 | Depths:2 | 34734 ||| RETREATING.
 34736 | Depths:2 | 34736 ||| RETREATING.
 34740 | Depths:2 | 34740 ||| Stepping ~*~*~tactically~*~*~ (retreating).
 34741 | Depths:2 | 34741 ||| Stepping ~*~*~tactically~*~*~ (retreating).
 34742 | Depths:2 | 34742 ||| Stepping ~*~*~tactically~*~*~ (retreating).
 34743 | Depths:2 | 34743 ||| Stepping ~*~*~tactically~*~*~ (retreating).
 34744 | Depths:2 | 34744 ||| Stepping ~*~*~tactically~*~*~ (retreating).
 34753 | Depths:2 | 34753 ||| Stepping ~*~*~tactically~*~*~ (retreating).
 35059 | Depths:2 | 35059 ||| INVOKING Finesse.
 35104 | Depths:2 | 35104 ||| INVOKING Heroism.
 35114 | Depths:2 | Noticed Vv
 35115 | Depths:2 | 35115 ||| DRINKING 6 potions of resistance.
 35116 | Depths:2 | 35116 ||| INVOKING Finesse.
 35117 | Depths:2 | 35117 ||| Stepping ~*~*~tactically~*~*~ (outnumbered).
 35118 | Depths:2 | 35118 ||| RETREATING.
 35153 | Depths:2 | 35153 ||| DRINKING 5 potions of resistance.
 35154 | Depths:2 | 35154 ||| Stepping ~*~*~tactically~*~*~ (retreating).
 35155 | Depths:2 | 35155 ||| INVOKING Heroism.
 35159 | Depths:2 | Killed Vv
 35229 | Depths:2 | 35229 ||| INVOKING Heroism.
 35251 | Depths:2 | 35251 ||| RETREATING.
 35344 | Depths:2 | 35344 ||| RETREATING.
 35361 | Depths:2 | 35361 ||| INVOKING Heroism.
 35362 | Depths:2 | 35362 ||| Stepping ~*~*~tactically~*~*~ (retreating).
 35364 | Depths:2 | 35364 ||| Stepping ~*~*~tactically~*~*~ (retreating).
 35365 | Depths:2 | 35365 ||| Stepping ~*~*~tactically~*~*~ (retreating).
 35366 | Depths:2 | 35366 ||| Stepping ~*~*~tactically~*~*~ (retreating).
 35367 | Depths:2 | 35367 ||| Stepping ~*~*~tactically~*~*~ (retreating).
 35441 | Depths:2 | 35441 ||| Stepping ~*~*~tactically~*~*~ (outnumbered).
 35443 | Depths:2 | 35443 ||| RETREATING.
 35447 | Depths:2 | 35447 ||| Stepping ~*~*~tactically~*~*~ (retreating).
 35448 | Depths:2 | 35448 ||| Stepping ~*~*~tactically~*~*~ (retreating).
 35449 | Depths:2 | 35449 ||| Stepping ~*~*~tactically~*~*~ (retreating).
 35528 | Depths:2 | Identified the +1 chain mail "Nyecisag" {rPois}
 35623 | Depths:2 | 35623 ||| Stepping ~*~*~tactically~*~*~ (outnumbered).
 35683 | Depths:2 | 35683 ||| INVOKING Heroism.
 35753 | Depths:2 | Identified the +7 mace of a bailey {antimagic, rPois rC+}
 35781 | Depths:2 | 35781 ||| Stepping ~*~*~tactically~*~*~ (outnumbered).
 35783 | Depths:2 | 35783 ||| Stepping ~*~*~tactically~*~*~ (outnumbered).
 35785 | Depths:2 | 35785 ||| Stepping ~*~*~tactically~*~*~ (outnumbered).
 35787 | Depths:2 | 35787 ||| Stepping ~*~*~tactically~*~*~ (outnumbered).
 35789 | Depths:2 | 35789 ||| Stepping ~*~*~tactically~*~*~ (outnumbered).
 35791 | Depths:2 | 35791 ||| Stepping ~*~*~tactically~*~*~ (outnumbered).
 35806 | Depths:2 | Reached XP level 22. HP: 156/158 MP: 29/29
 35861 | Depths:3 | 35861 ||| STAIRDANCE
 35866 | Depths:3 | 35866 ||| RETREATING.
 35868 | Depths:3 | 35868 ||| INVOKING Heroism.
 35875 | Depths:3 | 35875 ||| Stepping ~*~*~tactically~*~*~ (retreating).
 35879 | Depths:3 | 35879 ||| Stepping ~*~*~tactically~*~*~ (retreating).
 35897 | Depths:3 | 35897 ||| Stepping ~*~*~tactically~*~*~ (retreating).
 35898 | Depths:3 | 35898 ||| Stepping ~*~*~tactically~*~*~ (retreating).
 35899 | Depths:3 | 35899 ||| Stepping ~*~*~tactically~*~*~ (retreating).
 35900 | Depths:3 | 35900 ||| Stepping ~*~*~tactically~*~*~ (retreating).
 35900 | Depths:3 | HP: 21/158 [fire dragon (illusionary)/blast of flame (26)]
 35901 | Depths:3 | 35901 ||| READING 5 scrolls of teleportation.
 35902 | Depths:3 | 35902 ||| DRINKING 5 potions of heal wounds.
 35904 | Depths:3 | 35904 ||| DRINKING 4 potions of heal wounds.
 35905 | Depths:3 | 35905 ||| RETREATING.
 35907 | Depths:3 | 35907 ||| Stepping ~*~*~tactically~*~*~ (retreating).
 35908 | Depths:3 | 35908 ||| Stepping ~*~*~tactically~*~*~ (retreating).
 35911 | Depths:3 | 35911 ||| Stepping ~*~*~tactically~*~*~ (retreating).
 35913 | Depths:3 | 35913 ||| Stepping ~*~*~tactically~*~*~ (outnumbered).
 35916 | Depths:3 | HP: 37/158 [fire dragon/blast of flame (22)]
 35917 | Depths:3 | 35917 ||| READING 4 scrolls of teleportation.
 35917 | Depths:3 | HP: 18/158 [deep troll earth mage (5)]
 35918 | Depths:3 | 35918 ||| DRINKING 3 potions of heal wounds.
 35920 | Depths:3 | 35920 ||| DRINKING 2 potions of heal wounds.
 35922 | Depths:3 | 35922 ||| FLEEEEING.
 35925 | Depths:3 | 35925 ||| INVOKING Heroism.
 35931 | Depths:3 | 35931 ||| FLEEEEING.
 35932 | Depths:3 | 35932 ||| FLEEEEING.
 35939 | Depths:3 | 35939 ||| INVOKING Heroism.
 35943 | Depths:3 | 35943 ||| Stepping ~*~*~tactically~*~*~ (retreating).
 35945 | Depths:3 | 35945 ||| Stepping ~*~*~tactically~*~*~ (retreating).
 35946 | Depths:3 | 35946 ||| Stepping ~*~*~tactically~*~*~ (retreating).
 35947 | Depths:3 | 35947 ||| Stepping ~*~*~tactically~*~*~ (retreating).
 35948 | Depths:3 | 35948 ||| Stepping ~*~*~tactically~*~*~ (retreating).
 35949 | Depths:3 | 35949 ||| Stepping ~*~*~tactically~*~*~ (retreating).
 35951 | Depths:3 | 35951 ||| Stepping ~*~*~tactically~*~*~ (retreating).
 35952 | Depths:3 | 35952 ||| Stepping ~*~*~tactically~*~*~ (retreating).
 35953 | Depths:3 | 35953 ||| Stepping ~*~*~tactically~*~*~ (retreating).
 35954 | Depths:3 | 35954 ||| Stepping ~*~*~tactically~*~*~ (retreating).
 35965 | Depths:3 | Reached skill level 23 in Fighting
 36145 | Depths:3 | 36145 ||| Stepping ~*~*~tactically~*~*~ (outnumbered).
 36147 | Depths:3 | 36147 ||| RETREATING.
 36158 | Depths:3 | 36158 ||| Stepping ~*~*~tactically~*~*~ (retreating).
 36160 | Depths:3 | 36160 ||| Stepping ~*~*~tactically~*~*~ (retreating).
 36171 | Depths:3 | 36171 ||| Stepping ~*~*~tactically~*~*~ (outnumbered).
 36185 | Depths:3 | 36185 ||| Stepping ~*~*~tactically~*~*~ (outnumbered).
 36188 | Depths:3 | Noticed Margery
 36188 | Depths:3 | 36188 ||| DRINKING 4 potions of resistance.
 36189 | Depths:3 | 36189 ||| RETREATING.
 36192 | Depths:3 | 36192 ||| RETREATING.
 36194 | Depths:3 | 36194 ||| RETREATING.
 36196 | Depths:3 | 36196 ||| Stepping ~*~*~tactically~*~*~ (retreating).
 36197 | Depths:3 | 36197 ||| Stepping ~*~*~tactically~*~*~ (outnumbered).
 36207 | Depths:3 | Killed Margery
 36207 | Depths:3 | Identified the +4 orcbow of Cocytus {speed, Int+4 SInv}
                  | (Okawaru gifted it to you on level 3 of the Depths)
 36207 | Depths:3 | Received a gift from Okawaru
 36254 | Depths:3 | 36254 ||| INVOKING Heroism.
 36255 | Depths:3 | 36255 ||| INVOKING Finesse.
 36305 | Depths:3 | Noticed Mara
 36306 | Depths:3 | 36306 ||| INVOKING Heroism.
 36307 | Depths:3 | Noticed qw's illusion
 36307 | Depths:3 | 36307 ||| RETREATING.
 36310 | Depths:3 | 36310 ||| Stepping ~*~*~tactically~*~*~ (retreating).
 36311 | Depths:3 | 36311 ||| Stepping ~*~*~tactically~*~*~ (retreating).
 36312 | Depths:3 | 36312 ||| Stepping ~*~*~tactically~*~*~ (retreating).
 36313 | Depths:3 | 36313 ||| Stepping ~*~*~tactically~*~*~ (retreating).
 36314 | Depths:3 | 36314 ||| Stepping ~*~*~tactically~*~*~ (retreating).
 36315 | Depths:3 | 36315 ||| Stepping ~*~*~tactically~*~*~ (retreating).
 36316 | Depths:3 | 36316 ||| Stepping ~*~*~tactically~*~*~ (retreating).
 36317 | Depths:3 | 36317 ||| INVOKING Finesse.
 36321 | Depths:3 | 36321 ||| Stepping ~*~*~tactically~*~*~ (retreating).
 36322 | Depths:3 | 36322 ||| Stepping ~*~*~tactically~*~*~ (retreating).
 36323 | Depths:3 | 36323 ||| Stepping ~*~*~tactically~*~*~ (retreating).
 36324 | Depths:3 | 36324 ||| Stepping ~*~*~tactically~*~*~ (retreating).
 36325 | Depths:3 | 36325 ||| Stepping ~*~*~tactically~*~*~ (retreating).
 36333 | Depths:3 | 36333 ||| Stepping ~*~*~tactically~*~*~ (outnumbered).
 36334 | Depths:3 | 36334 ||| RETREATING.
 36341 | Depths:3 | Noticed qw's illusion
 36342 | Depths:3 | 36342 ||| Stepping ~*~*~tactically~*~*~ (retreating).
 36343 | Depths:3 | 36343 ||| Stepping ~*~*~tactically~*~*~ (retreating).
 36344 | Depths:3 | 36344 ||| Stepping ~*~*~tactically~*~*~ (retreating).
 36345 | Depths:3 | 36345 ||| Stepping ~*~*~tactically~*~*~ (retreating).
 36346 | Depths:3 | 36346 ||| Stepping ~*~*~tactically~*~*~ (retreating).
 36347 | Depths:3 | 36347 ||| RETREATING.
 36348 | Depths:3 | 36348 ||| INVOKING Heroism.
 36352 | Depths:3 | 36352 ||| Stepping ~*~*~tactically~*~*~ (outnumbered).
 36357 | Depths:3 | 36357 ||| RETREATING.
 36360 | Depths:3 | 36360 ||| RETREATING.
 36375 | Depths:3 | 36375 ||| RETREATING.
 36387 | Depths:3 | 36387 ||| Stepping ~*~*~tactically~*~*~ (outnumbered).
 36406 | Depths:3 | Killed Mara
 36414 | Depths:3 | Found a one-way gateway to a ziggurat.
 36453 | Depths:3 | 36453 ||| INVOKING Heroism.
 36463 | Depths:3 | Noticed Boris
 36468 | Depths:3 | Killed Boris
 36547 | Depths:3 | 36547 ||| INVOKING Heroism.
 36560 | Depths:3 | 36560 ||| Stepping ~*~*~tactically~*~*~ (outnumbered).
 36562 | Depths:3 | 36562 ||| Stepping ~*~*~tactically~*~*~ (outnumbered).
 36598 | Depths:3 | 36598 ||| INVOKING Heroism.
 36629 | Depths:3 | 36629 ||| READING scroll of enchant weapon.
 36629 | Depths:3 | 36629 ||| ENCHANTING +4 triple crossbow of flaming.
 36811 | Depths:3 | 36811 ||| READING 39 scrolls of identify.
 36811 | Depths:3 | 36811 ||| IDENTIFYING golden potion
 36836 | Depths:4 | Entered Level 4 of the Depths
 36839 | Depths:4 | 36839 ||| STAIRDANCE
 36846 | Depths:4 | 36846 ||| STAIRDANCE
 36856 | Depths:4 | 36856 ||| STAIRDANCE
 36868 | Depths:4 | 36868 ||| STAIRDANCE
 36875 | Depths:4 | 36875 ||| STAIRDANCE
 36887 | Depths:4 | 36887 ||| STAIRDANCE
 36889 | Depths:3 | 36889 ||| INVOKING Heroism.
 36900 | Depths:4 | 36900 ||| STAIRDANCE
 36911 | Depths:4 | 36911 ||| STAIRDANCE
 36918 | Depths:4 | 36918 ||| STAIRDANCE
 36918 | Depths:4 | Paralysed by a floating eye for 4 turns
 36922 | Depths:4 | 36922 ||| STAIRDANCE
 36946 | Depths:4 | 36946 ||| INVOKING Heroism.
 36949 | Depths:4 | 36949 ||| STAIRDANCE
 36960 | Depths:4 | 36960 ||| Stepping ~*~*~tactically~*~*~ (outnumbered).
 36961 | Depths:4 | 36961 ||| Stepping ~*~*~tactically~*~*~ (outnumbered).
 36962 | Depths:4 | 36962 ||| Stepping ~*~*~tactically~*~*~ (outnumbered).
 36963 | Depths:4 | 36963 ||| Stepping ~*~*~tactically~*~*~ (outnumbered).
 36964 | Depths:4 | 36964 ||| Stepping ~*~*~tactically~*~*~ (outnumbered).
 37014 | Depths:4 | 37014 ||| INVOKING Heroism.
 37063 | Depths:4 | 37063 ||| INVOKING Heroism.
 37084 | Depths:4 | 37084 ||| RETREATING.
 37089 | Depths:4 | 37089 ||| FLEEEEING.
 37194 | Depths:4 | 37194 ||| RETREATING.
 37439 | Depths:4 | Found a gate to the Realm of Zot.
 37440 | Depths:4 | 37440 ||| Stepping ~*~*~tactically~*~*~ (retreating).
 37441 | Depths:4 | 37441 ||| Stepping ~*~*~tactically~*~*~ (retreating).
 37442 | Depths:4 | 37442 ||| Stepping ~*~*~tactically~*~*~ (retreating).
 37443 | Depths:4 | 37443 ||| Stepping ~*~*~tactically~*~*~ (retreating).
 37444 | Depths:4 | 37444 ||| Stepping ~*~*~tactically~*~*~ (retreating).
 37445 | Depths:4 | 37445 ||| RETREATING.
 37448 | Depths:4 | 37448 ||| RETREATING.
 37456 | Depths:4 | 37456 ||| Stepping ~*~*~tactically~*~*~ (retreating).
 37457 | Depths:4 | 37457 ||| Stepping ~*~*~tactically~*~*~ (retreating).
 37458 | Depths:4 | 37458 ||| Stepping ~*~*~tactically~*~*~ (retreating).
 37463 | Depths:4 | 37463 ||| INVOKING Heroism.
 37972 | Depths:4 | 37972 ||| PLANNING VAULTS:5
 38215 | Vaults:5 | Entered Level 5 of the Vaults
 38216 | Vaults:5 | 38216 ||| INVOKING Heroism.
 38217 | Vaults:5 | 38217 ||| STAIRDANCE
 38217 | Vaults:5 | Noticed a dread lich
 38219 | Vaults:4 | 38219 ||| Stepping ~*~*~tactically~*~*~ (retreating).
 38220 | Vaults:4 | 38220 ||| Stepping ~*~*~tactically~*~*~ (retreating).
 38221 | Vaults:4 | 38221 ||| Stepping ~*~*~tactically~*~*~ (retreating).
 38230 | Vaults:4 | Reached skill level 24 in Fighting
 38236 | Vaults:4 | Reached XP level 23. HP: 157/167 MP: 30/30
 38248 | Vaults:5 | 38248 ||| STAIRDANCE
 38252 | Vaults:4 | 38252 ||| Stepping ~*~*~tactically~*~*~ (retreating).
 38253 | Vaults:4 | 38253 ||| Stepping ~*~*~tactically~*~*~ (retreating).
 38257 | Vaults:4 | 38257 ||| INVOKING Heroism.
 38261 | Vaults:4 | 38261 ||| Stepping ~*~*~tactically~*~*~ (retreating).
 38262 | Vaults:4 | 38262 ||| Stepping ~*~*~tactically~*~*~ (retreating).
 38267 | Vaults:4 | 38267 ||| Stepping ~*~*~tactically~*~*~ (retreating).
 38268 | Vaults:4 | 38268 ||| Stepping ~*~*~tactically~*~*~ (retreating).
 38269 | Vaults:4 | 38269 ||| Stepping ~*~*~tactically~*~*~ (retreating).
 38293 | Vaults:5 | 38293 ||| STAIRDANCE
 38295 | Vaults:4 | 38295 ||| INVOKING Finesse.
 38298 | Vaults:4 | 38298 ||| Stepping ~*~*~tactically~*~*~ (retreating).
 38298 | Vaults:4 | Killed a dread lich
 38299 | Vaults:4 | 38299 ||| Stepping ~*~*~tactically~*~*~ (retreating).
 38300 | Vaults:4 | 38300 ||| Stepping ~*~*~tactically~*~*~ (retreating).
 38301 | Vaults:4 | 38301 ||| Stepping ~*~*~tactically~*~*~ (retreating).
 38306 | Vaults:4 | 38306 ||| Stepping ~*~*~tactically~*~*~ (retreating).
 38307 | Vaults:4 | 38307 ||| Stepping ~*~*~tactically~*~*~ (retreating).
 38308 | Vaults:4 | 38308 ||| Stepping ~*~*~tactically~*~*~ (retreating).
 38314 | Vaults:4 | 38314 ||| Stepping ~*~*~tactically~*~*~ (retreating).
 38315 | Vaults:4 | 38315 ||| Stepping ~*~*~tactically~*~*~ (retreating).
 38316 | Vaults:4 | 38316 ||| Stepping ~*~*~tactically~*~*~ (retreating).
 38317 | Vaults:4 | 38317 ||| Stepping ~*~*~tactically~*~*~ (retreating).
 38318 | Vaults:4 | 38318 ||| Stepping ~*~*~tactically~*~*~ (retreating).
 38319 | Vaults:4 | 38319 ||| Stepping ~*~*~tactically~*~*~ (retreating).
 38320 | Vaults:4 | 38320 ||| Stepping ~*~*~tactically~*~*~ (retreating).
 38321 | Vaults:4 | 38321 ||| Stepping ~*~*~tactically~*~*~ (retreating).
 38347 | Vaults:5 | 38347 ||| STAIRDANCE
 38349 | Vaults:4 | 38349 ||| Stepping ~*~*~tactically~*~*~ (retreating).
 38350 | Vaults:4 | 38350 ||| Stepping ~*~*~tactically~*~*~ (retreating).
 38351 | Vaults:4 | 38351 ||| Stepping ~*~*~tactically~*~*~ (retreating).
 38352 | Vaults:4 | 38352 ||| STAIRDANCE
 38362 | Vaults:4 | 38362 ||| INVOKING Heroism.
 38382 | Vaults:5 | 38382 ||| STAIRDANCE
 38384 | Vaults:4 | 38384 ||| Stepping ~*~*~tactically~*~*~ (retreating).
 38385 | Vaults:4 | 38385 ||| Stepping ~*~*~tactically~*~*~ (retreating).
 38386 | Vaults:4 | 38386 ||| Stepping ~*~*~tactically~*~*~ (retreating).
 38403 | Vaults:5 | 38403 ||| INVOKING Heroism.
 38415 | Vaults:5 | 38415 ||| Stepping ~*~*~tactically~*~*~ (outnumbered).
 38416 | Vaults:5 | 38416 ||| RETREATING.
 38419 | Vaults:5 | 38419 ||| Stepping ~*~*~tactically~*~*~ (retreating).
 38420 | Vaults:5 | 38420 ||| Stepping ~*~*~tactically~*~*~ (retreating).
 38421 | Vaults:5 | 38421 ||| Stepping ~*~*~tactically~*~*~ (retreating).
 38422 | Vaults:5 | 38422 ||| Stepping ~*~*~tactically~*~*~ (retreating).
 38423 | Vaults:5 | 38423 ||| Stepping ~*~*~tactically~*~*~ (retreating).
 38424 | Vaults:5 | 38424 ||| INVOKING Heroism.
 38427 | Vaults:5 | 38427 ||| INVOKING Finesse.
 38440 | Vaults:5 | 38440 ||| Stepping ~*~*~tactically~*~*~ (retreating).
 38441 | Vaults:5 | 38441 ||| Stepping ~*~*~tactically~*~*~ (retreating).
 38441 | Vaults:5 | Noticed an ancient lich
 38442 | Vaults:5 | 38442 ||| Stepping ~*~*~tactically~*~*~ (retreating).
 38443 | Vaults:5 | 38443 ||| Stepping ~*~*~tactically~*~*~ (retreating).
 38446 | Vaults:5 | Reached skill level 25 in Fighting
 38451 | Vaults:5 | Noticed a golden dragon
 38455 | Vaults:5 | Killed an ancient lich
 38461 | Vaults:5 | HP: 34/170 [shadow dragon (14)]
 38462 | Vaults:5 | 38462 ||| READING 6 scrolls of teleportation.
 38462 | Vaults:5 | HP: 7/170 [ettin/+0 dire flail (20)]
 38462 | Vaults:5 | Annihilated by an ettin

Levels and vault maps discovered:
D:1:      evilmike_arrival_hilbert_curve, layout_basic, serial_shops,
          nicolae_shop_tiny_real_fake_doors, nicolae_shop_behind_doors,
          nicolae_shop_industrial_runoff, nicolae_shop_stone,
          nicolae_lakefront_shop, minivault_27, minmay_worlds_worst_comb
D:2:      layout_loops_ring, basic_altar, chequers_serial_rivers_small_3,
          uniq_terence
D:3:      layout_basic
D:4:      layout_basic, gup_sewer_entry_glass, dk_vineyard_2,
          nicolae_figureground_pulse, uniq_grinder
D:5:      layout_rooms, minmay_temple_entry_arrows, uniq_ijyb
D:6:      kennysheep_big_flooded_room, layout_loops_cross, uniq_edmund
D:7:      layout_rooms, minmay_overflow_temple_star_hex,
          nicolae_shop_distant_corner_stores, hangedman_decor_riveting,
          minmay_misc_feat_room, nicolae_alphabet_shops
D:8:      layout_basic, uniq_pikel
D:9:      layout_irregular_city, orc_0_dummy, serial_shops,
          nicolae_shop_waterfront
D:10:     layout_basic, chequers_serial_rivers_room_a, lemuel_flamethrower_1
D:11:     layout_basic, due_lair_maze_entry_diamond, kennysheep_diamond
D:12:     layout_big_octagon, uniq_sonja
D:13:     layout_gridville, erik_vaults_2
D:14:     wad_pebble_path, layout_rooms, serial_corexii_hall,
          corexii_hall_statues_l, chequers_hall_statues_y,
          corexii_hall_statues_l, corexii_hall_statues_t,
          chequers_hall_statues_y
D:15:     grunt_enter_depths_hoard, layout_cave_pools, minmay_misc_feat_chi,
          statue_in_the_mist_lemuel, uniq_rupert
Temple:   sentei_temple_godly_chess
Lair:1:   layout_misc_corridors, dreamdust_mushroom_princess,
          chequers_serial_rivers_small_b, fungi_pond_lemuel,
          serial_bayou_shore_a
Lair:2:   layout_gridlike, spider_nest_entry_a, gauntlet_entry_generic,
          nicolae_quartered_pool_little
Lair:3:   layout_cave_pods, elwin_shoals_entry_rocks
Lair:4:   nzn_motion_control, layout_misc_corridors, lemuel_fruit_fields
Lair:5:   gammafunk_lair_ancient_temple, layout_layer_cave, slime_entry_2,
          special_room [special_room_bee]
Shoals:1: layout_shoals, uniq_jorgrun
Shoals:2: nicolae_shoals_deep_elves_summer_vacation, layout_shoals
Shoals:3: nicolae_shoals_aurelia_aurita, layout_shoals
Shoals:4: shoals_end_grunt_ice, layout_shoals, uniq_polyphemus
Spider:1: layout_spider_delve, drop_trap, hangedman_spider_tarantella_strand
Spider:2: layout_spider_delve, nicolae_spider_baby_got_redback, uniq_agnes,
          uniq_frances
Spider:3: layout_spider_delve, nicolae_spider_checkerboard
Spider:4: spider_rune_water
Orc:1:    layout_diamond_mine, serial_shops, shop, special_room
          [special_room_orc], mines4_lemuel
Orc:2:    st_orc_rangers, layout_diamond_mine, serial_shops,
          nicolae_shop_rolling_square, uniq_saint_roka
Vaults:1: hellmonk_ghost_happy_afterlife, nicolae_vaults_tetromino_T_1,
          nicolae_vaults_more_shelving_1, nicolae_vaults_heist,
          nicolae_vaults_border_crossing, v_misc_14, nicolae_vaults_wine_cellar,
          nicolae_vaults_closet_pinwheel_5, nicolae_vaults_ninety_degrees,
          grunt_vaults_hallway_short, layout_vaults_omnicross
Vaults:2: vaults_room_grunt_arrival_ludios, nicolae_vaults_prndl,
          nicolae_vaults_minivaults, ontoclasm_vaults_tryst,
          nicolae_vaults_trapezoid_3, minmay_crypt_entry_simple_box,
          nicolae_vaults_taking_the_gang_shopping,
          nicolae_vaults_trapezoid_lopsided_1,
          nicolae_vaults_storage_room_water, layout_vaults_quadrants,
          serial_shops, shop
Vaults:3: nicolae_vaults_tetromino_Z_1, nicolae_vaults_tetromino_L_1,
          nicolae_vaults_trapezoid_lopsided_1, nicolae_vaults_bisected_slash,
          v_misc_29, hangedman_vaults_capsules, v_misc_9,
          nicolae_vaults_circle_grid_b, nicolae_vaults_what_the_h,
          nicolae_vaults_closet_pinwheel_1, nicolae_vaults_weapon_check,
          vaults_room_hallway, layout_vaults_big_room, enter_trove_5
Vaults:4: hangedman_vaults_nodes, ontoclasm_vaults_ring_small,
          nicolae_vaults_octagons, v_misc_4, nicolae_vaults_rhombus_5,
          v_alt_pattern_4, nicolae_vaults_ring_of_whatevers,
          nicolae_vaults_big_angled_halls, nicolae_vaults_big_ls,
          nicolae_vaults_trapezoid_2, nicolae_vaults_asterisk,
          vaults_room_fours, nicolae_vaults_oval_intersection, v_misc_9,
          layout_vaults_ring
Vaults:5: serial_shops
Depths:1: layout_gridlike, abyss_entry_small_statue_room, nicolae_benzene_ring,
          pf_hell_entry_great_geh, lemuel_zombie_altar_yredelemnul
Depths:2: nooodl_heptagram, layout_basic, hell_entry, abyss_entry, pan_entry,
          minmay_stone_trees_small, special_room [special_room_mythical_zoo],
          grunt_decor_arrowhead, uniq_vv, uniq_bai_suzhen
Depths:3: minmay_the_grid_four_pointed_star
          [minmay_the_grid_triangle_9x9_minimal,
          minmay_the_grid_triangle_9x9_impossible_snake,
          minmay_the_grid_triangle_9x9_corruption,
          minmay_the_grid_triangle_9x9_longest,
          minmay_the_grid_prize_inner_circle], layout_cave_pools,
          enter_ziggurat_f, abyss_entry, hell_entry, nrook_pool_corridor,
          uniq_margery, uniq_mara, uniq_boris
Depths:4: grunt_twist_and_shout, layout_cave_shapes, hell_entry

Skill      XL: |  1  2  3  4  5  6  7  8  9 10 11 12 13 14 15 16 17 18 19 20 21 22 23 |
---------------+----------------------------------------------------------------------+-----
Ranged Weapons | 5 6 8 10 11 12 14 15 16 18 20 21 22 | 22.0
Fighting       | 3 5 7 8 9 10 11 12 13 15 16 18 19 21 22 24 25 | 25.1
Dodging        | 2 4 5 7 9 10 11 13 14 16 17 19 20 | 20.1
Armour         | 1 2 3 4 5 6 7 8 9 10 | 10.1
Invocations    | 1 4 8 10 | 10.0
Stealth        | |  1.1

Action                     |  1- 3 |  4- 6 |  7- 9 | 10-12 | 13-15 | 16-18 | 19-21 | 22-24 || total
---------------------------+-------+-------+-------+-------+-------+-------+-------+-------++-------
   Fire: Shortbow          |   109 |   188 |    58 |       |       |       |       |       ||   355
         Arbalest          |       |       |    29 |       |       |       |       |       ||    29
         Orcbow            |       |       |     3 |       |       |       |       |       ||     3
         Longbow           |       |       |    88 |   556 |    46 |       |       |       ||   690
         Triple crossbow   |       |       |       |       |   665 |  1052 |   990 |   494 ||  3201
 Invoke: Heroism           |       |       |     7 |    21 |    25 |    26 |    24 |    19 ||   122
         Finesse           |       |       |       |     1 |     3 |    10 |    14 |     4 ||    32
    Use: Scroll            |     5 |     5 |    14 |     6 |     4 |     5 |     5 |     5 ||    49
         Potion            |       |     1 |       |     4 |       |     6 |     2 |     5 ||    18
 Armour: Leather armour    |    11 |    35 |    44 |   242 |   305 |   396 |   299 |   284 ||  1616
  Dodge: Dodged            |    18 |    40 |    50 |   271 |   876 |   821 |   961 |  1103 ||  4140

Table legend:
 A = Non-vault XP
 B = Vault XP
 C = Vault XP percentage of total XP
 D = Non-vault monster count
 E = Vault monster count
 F = Vault count percentage of total count
                 A         B        C        D         E       F
            +---------+---------+-------+---------+---------+-------
      Total |  410013 |  344685 |  45.7 |     959 |     538 |  35.9
            +---------+---------+-------+---------+---------+-------
        D:1 |      58 |       6 |   9.4 |      25 |       3 |  10.7
        D:2 |      64 |      38 |  37.3 |      22 |       1 |   4.3
        D:3 |      41 |       0 |   0.0 |      17 |       0 |   0.0
        D:4 |      71 |     287 |  80.2 |      11 |       4 |  26.7
        D:5 |     579 |      36 |   5.9 |      11 |       1 |   8.3
        D:6 |     145 |    1055 |  87.9 |       4 |       3 |  42.9
        D:7 |    1298 |       0 |   0.0 |      26 |       0 |   0.0
        D:8 |    1505 |     651 |  30.2 |      18 |       1 |   5.3
        D:9 |    2097 |       0 |   0.0 |      22 |       0 |   0.0
       D:10 |    1267 |       0 |   0.0 |      12 |       0 |   0.0
       D:11 |    5514 |    2668 |  32.6 |      23 |      12 |  34.3
       D:12 |    4170 |       0 |   0.0 |      23 |       0 |   0.0
       D:13 |   13446 |    6977 |  34.2 |      30 |       8 |  21.1
       D:14 |   13042 |       0 |   0.0 |      28 |       0 |   0.0
       D:15 |   12621 |    3731 |  22.8 |      21 |       3 |  12.5
     Lair:1 |    5707 |       0 |   0.0 |      21 |       0 |   0.0
     Lair:2 |    4529 |     219 |   4.6 |      15 |       1 |   6.2
     Lair:3 |    7092 |       0 |   0.0 |      25 |       0 |   0.0
     Lair:4 |    1030 |    2722 |  72.5 |       2 |       4 |  66.7
     Lair:5 |   14134 |   11822 |  45.5 |      55 |      44 |  44.4
   Shoals:1 |   17969 |    1977 |   9.9 |      33 |       1 |   2.9
   Shoals:2 |   19290 |    4368 |  18.5 |      38 |       6 |  13.6
   Shoals:3 |    8761 |       0 |   0.0 |      17 |       0 |   0.0
   Shoals:4 |    9140 |   21529 |  70.2 |      19 |      33 |  63.5
   Spider:1 |   14741 |     277 |   1.8 |      36 |       1 |   2.7
   Spider:2 |    8140 |    6360 |  43.9 |      20 |      21 |  51.2
   Spider:3 |   18615 |       0 |   0.0 |      40 |       0 |   0.0
   Spider:4 |   18003 |   15148 |  45.7 |      44 |      29 |  39.7
      Orc:1 |    1289 |    4782 |  78.8 |       6 |      21 |  77.8
      Orc:2 |    4094 |    8736 |  68.1 |      26 |      53 |  67.1
   Vaults:1 |   22002 |   23524 |  51.7 |      36 |      28 |  43.8
   Vaults:2 |   21607 |   20831 |  49.1 |      40 |      28 |  41.2
   Vaults:3 |   23347 |   28139 |  54.7 |      30 |      38 |  55.9
   Vaults:4 |   17259 |   47940 |  73.5 |      30 |      51 |  63.0
   Vaults:5 |    3878 |   17524 |  81.9 |       4 |      11 |  73.3
   Depths:1 |   17664 |    1354 |   7.1 |      20 |       2 |   9.1
   Depths:2 |   31722 |   63799 |  66.8 |      37 |      68 |  64.8
   Depths:3 |   47032 |   31963 |  40.5 |      54 |      22 |  28.9
   Depths:4 |   17050 |   11543 |  40.4 |      18 |      10 |  35.7
      Sewer |       0 |     158 | 100.0 |       0 |      24 | 100.0
   Gauntlet |       0 |    4521 | 100.0 |       0 |       6 | 100.0
            +---------+---------+-------+---------+---------+-------
